 Dungeon Crawl Stone Soup version 0.27.1-35-g4d5d836560 (console) character file.

Game seed: 3704041853584325979

744334 grimtooth the Corrupter of Planes (level 27, -3/232 HPs)
             Began as a Palentonga Abyssal Knight on June 12, 2022.
             Was the Champion of Lugonu.
             Killed from afar by an Ice Fiend (54 damage)
             ... with a bolt of cold
             ... on level 3 of the Realm of Zot on July 17, 2022.
             The game lasted 13:42:59 (77067 turns).

grimtooth the Corrupter of Planes (PaAK)           Turns: 77067, Time: 13:43:00

Health: -3/232     AC: 58    Str: 20    XL:     27
Magic:  36/36      EV:  9    Int: 23    God:    Lugonu [******]
Gold:   8288       SH:  7    Dex: 13    Spells: 1/52 levels left

rFire    + + .     SeeInvis +   a - +9 eveningstar (flame)
rCold    . . .     Faith    .   d - +2 buckler {reflect}
rNeg     + . .     Spirit   .   f - +10 pearl dragon scales
rPois    .         Reflect  +   o - +2 helmet {Int+3}
rElec    +         Harm     .   q - +2 cloak {rCorr}
rCorr    +         Rampage  .   y - +2 pair of gloves
Will     +++..                  p - +4 barding {rF+}
Stlth    +.........             N - amulet of regeneration
HPRegen  0.00/turn              w - ring "Guera" {Contam rElec rCorr Dex+6 Stlth+}
MPRegen  0.25/turn              G - +4 ring of slaying

@: inhibited regen, curled up
A: large, rugged brown scales 3, see invisible, deformed body, roll 1, armoured
tail, reflexive curl, iridescent scales 1, clumsy 2, fire resistance 1, low mp
1, strong-willed 1, inhibited regeneration, noise suppression
}: 5/15 runes: decaying, slimy, silver, abyssal, gossamer
a: Rolling Charge, Renounce Religion, Depart the Abyss, Bend Space, Banish,
Corrupt, Enter the Abyss


You were on level 3 of the Realm of Zot.
You worshipped Lugonu.
Lugonu was exalted by your worship.
You visited 10 branches of the dungeon, and saw 54 of its levels.
You visited the Abyss 7 times.
You also visited: Trove, Bailey, Gauntlet and Wizlab.

You collected 11011 gold pieces.
You spent 2723 gold pieces at shops.

Inventory:

Hand Weapons
 a - a +9 eveningstar of flaming (weapon)
 b - the +8 morningstar "Fikhucov" {spect, rC+ Int+7 Dex-4 Stlth+}
   (You found it in a treasure trove)

   When its wielder attacks, the weapon's spirit leaps out and strikes again.
   The spirit shares a part of any damage it takes with its wielder.
   Int:       It affects your intelligence (+7).
   Dex:       It affects your dexterity (-4).
   rC:        It protects you from cold.
   Stlth:     It makes you more stealthy.
 e - a +9 quick blade of distortion
Missiles
 k - a throwing net {=f}
 m - 16 curare-tipped darts
 Q - 6 silver javelins
 Z - 66 boomerangs (quivered)
Armour
 d - a +2 buckler of reflection (worn)
 f - +10 pearl dragon scales (worn)
 i - the +3 barding of a bailey {rElec MP+9 Int+4 Dex-2}
   (You acquired it on level 5 of the Realm of Zot)

   Int:       It affects your intelligence (+4).
   Dex:       It affects your dexterity (-2).
   rElec:     It insulates you from electricity.
   MP:        It affects your magic capacity (+9).
 o - a +2 helmet of intelligence (worn)
 p - a +4 barding of fire resistance (worn)
 q - a +2 cloak of preservation (worn)
 y - a +2 pair of gloves (worn)
Jewellery
 w - the ring "Guera" (left hand) {Contam rElec rCorr Dex+6 Stlth+}
   (You acquired it on level 6 of the Lair of Beasts)

   [ring of resist corrosion]

   Dex:       It affects your dexterity (+6).
   rElec:     It insulates you from electricity.
   Contam:    It causes magical contamination when unequipped.
   rCorr:     It protects you from acid and corrosion.
   Stlth:     It makes you more stealthy.
 G - a +4 ring of slaying (right hand)
 H - the ring of Yragraset {rPois Will+++ Str+6 Dex-3 SInv}
   (You found it in a wizard's laboratory)

   [ring of strength]

   Str:       It affects your strength (+6).
   Dex:       It affects your dexterity (-3).
   rPois:     It protects you from poison.
   SInv:      It lets you see invisible.
   Will:      It greatly increases your willpower.
 N - an amulet of regeneration (around neck)
 O - the ring of Ximurol {rC+ Str+6}
   (You took it off a kobold in a bailey)

   [ring of strength]

   Str:       It affects your strength (+6).
   rC:        It protects you from cold.
Wands
 l - a wand of digging (4)
 u - a wand of charming (26)
 z - a wand of paralysis (40)
 B - a wand of acid (1)
 I - a wand of iceblast (12)
 K - a wand of mindburst (10)
 V - a wand of polymorph (27)
Scrolls
 n - 7 scrolls of vulnerability
 r - 3 scrolls of summoning
 A - 2 scrolls of blinking
 D - 9 scrolls of fog
 F - 20 scrolls of teleportation
 S - a scroll of holy word
 T - a scroll of silence
 X - 6 scrolls of fear
 Y - 5 scrolls of magic mapping
Potions
 h - 3 potions of brilliance
 s - 2 potions of berserk rage
 t - 5 potions of cancellation
 v - 11 potions of curing
 C - 6 potions of lignification
 E - 2 potions of might
 L - 5 potions of resistance
 M - 3 potions of haste
 R - 5 potions of magic
 U - 2 potions of ambrosia
 W - a potion of invisibility
Miscellaneous
 c - a phantom mirror
 j - a box of beasts
 x - a lightning rod (4/4)
 J - a tin of tremorstones (2/2)
 P - a condenser vane


   Skills:
 + Level 18.0 Fighting
 - Level 16.0 Maces & Flails
 - Level 6.0 Throwing
 - Level 19.0 Armour
 - Level 9.0 Dodging
 - Level 6.0 Shields
 - Level 13.0 Spellcasting
 - Level 9.0 Conjurations
 - Level 15.0 Hexes
 - Level 20.0 Necromancy
 - Level 15.0 Translocations
 - Level 10.0 Transmutations
 - Level 20.0 Invocations
 - Level 10.0 Evocations


You had one spell level left.
You knew the following spells:

 Your Spells              Type           Power      Damage    Failure   Level
a - Slow                  Hex            71%        N/A       1%          2
b - Death Channel         Necr           41%        N/A       1%          6
c - Infestation           Necr           41%        N/A       16%         8
d - Iskenderun's Mystic   Conj/Tloc      63%        2d13      1%          4
e - Confusing Touch       Hex            71%        N/A       1%          3
g - Agony                 Necr           82%        N/A       1%          5
p - Apportation           Tloc           100%       N/A       1%          1
r - Borgnjor's Revivific  Necr           41%        N/A       16%         8
u - Dispel Undead         Necr           82%        3d27      1%          4
y - Yara's Violent Unrav  Hex/Tmut       32%        3d13      1%          5
z - Manifold Assault      Tloc           71%        N/A       1%          5

Your spell library contained the following spells:

 Spells                   Type           Power      Damage    Failure   Level
 Animate Skeleton         Necr           100%       N/A       0%          1
 Pain                     Necr           100%       1d9       0%          1
 Beastly Appendage        Tmut           100%       N/A       1%          1
 Corona                   Hex            78%        N/A       1%          1
 Foxfire                  Conj/Fire      100%       2x1d9     1%          1
 Magic Dart               Conj           100%       1d8       1%          1
 Shock                    Conj/Air       100%       1d9       1%          1
 Sting                    Tmut/Pois      100%       1d8       1%          1
 Freeze                   Ice            56%        1d7       9%          1
 Sandblast                Erth           28%        2d8       9%          1
 Summon Small Mammal      Summ           56%        N/A       9%          1
 Sublimation of Blood     Necr           41%        N/A       0%          2
 Vampiric Draining        Necr           41%        2d11      0%          3
 Blink                    Tloc           N/A        N/A       1%          2
 Corpse Rot               Necr/Air       N/A        N/A       1%          2
 Passwall                 Tmut/Erth      30%        N/A       1%          2
 Static Discharge         Conj/Air       35%        N/A       1%          2
 Wereblood                Tmut           57%        N/A       1%          2
 Dazzling Flash           Conj/Hex       100%       N/A       1%          3
 Gell's Gravitas          Tloc           35%        N/A       1%          3
 Inner Flame              Hex/Fire       49%        N/A       1%          3
 Portal Projectile        Hex/Tloc       100%       N/A       1%          3
 Teleport Other           Tloc           71%        N/A       1%          3
 Animate Dead             Necr           41%        N/A       1%          4
 Fulminant Prism          Conj/Hex       31%        3d16      1%          4
 Excruciating Wounds      Necr           41%        N/A       1%          5
 Dispersal                Tloc           35%        N/A       2%          6
 Invisibility             Hex            35%        N/A       2%          6
 Spider Form              Tmut/Pois      18%        N/A       3%          3
 Conjure Flame            Conj/Fire      35%        6-21      4%          3
 Stone Arrow              Conj/Erth      70%        3d11      4%          3
 Blade Hands              Tmut           28%        N/A       4%          5
 Iskenderun's Battlesphe  Conj           54%        2d10      6%          5
 Ignite Poison            Fire/Tmut/Pois 30%        N/A       7%          3
 Mephitic Cloud           Conj/Pois/Air  28%        N/A       8%          3
 Ice Form                 Ice/Tmut       37%        N/A       11%         4
 Petrify                  Tmut/Erth      37%        N/A       11%         4
 Metabolic Englaciation   Hex/Ice        24%        N/A       11%         5
 Silence                  Hex/Air        24%        N/A       11%         5
 Summon Forest            Summ/Tloc      24%        N/A       11%         5
 Summon Mana Viper        Hex/Summ       49%        N/A       11%         5
 Poisonous Vapours        Pois/Air       28%        N/A       13%         2
 Hailstorm                Conj/Ice       35%        3d9       14%         4
 Sticky Flame             Conj/Fire      35%        2d5       14%         4
 Simulacrum               Ice/Necr       28%        N/A       22%         6
 Frozen Ramparts          Ice            28%        1d4       26%         3
 Ozocubu's Armour         Ice            14%        N/A       26%         3
 Swiftness                Air            14%        N/A       26%         3
 Fireball                 Conj/Fire      17%        3d9       36%         5
 Lightning Bolt           Conj/Air       17%        1d32      36%         5
 Bolt of Magma            Conj/Fire/Erth 14%        4d8       56%         5
 Freezing Cloud           Conj/Ice/Air   14%        6-21      56%         5
 Airstrike                Air            7%         N/A       65%         4
 Animate Armour           Summ/Erth      28%        N/A       65%         4
 Olgreb's Toxic Radiance  Pois           14%        N/A       65%         4
 Summon Ice Beast         Ice/Summ       14%        N/A       65%         4
 Summon Lightning Spire   Summ/Air       14%        N/A       65%         4
 Haunt                    Necr/Summ      28%        N/A       77%         7
 Disjunction              Tloc           35%        N/A       77%         8
 Necromutation            Tmut/Necr      35%        N/A       77%         8
 Statue Form              Tmut/Erth      24%        N/A       86%         6
 Orb of Destruction       Conj           27%        9d11      88%         7
 Iron Shot                Conj/Erth      17%        9d4       91%         6
 Starburst                Conj/Fire      17%        6d6       91%         6
 Lee's Rapid Deconstruct  Erth           7%         3d7*      94%         5
 Death's Door             Necr           41%        N/A       94%         9
 Shadow Creatures         Summ           N/A        N/A       100%        6
 Monstrous Menagerie      Summ           7%         N/A       100%        7
 Ozocubu's Refrigeration  Ice            7%         4d6       100%        7
 Spellforged Servitor     Conj/Summ      17%        N/A       100%        7
 Ignition                 Fire           7%         3d4       100%        8
 Lehudib's Crystal Spear  Conj/Erth      17%        10d5      100%        8
 Fire Storm               Conj/Fire      17%        8d5       100%        9
 Polar Vortex             Ice            7%         N/A       100%        9


Dungeon Overview and Level Annotations

Branches:
Dungeon (15/15)            Temple (0/1) D:7            Lair (6/6) D:8
  Swamp (4/4) Lair:3       Spider (4/4) Lair:4        Slime (5/5) Lair:6
    Orc (2/2) D:12            Elf (3/3) Orc:2        Vaults (5/5) D:13
  Crypt (0/3) Vaults:2     Depths (5/5) D:15            Zot (5/5) Depths:5
 Bailey (visited)          WizLab (visited)         Gauntlet (visited)

Altars:
Cheibriados
Fedhas
Gozag
Qazlal
Ru
Sif Muna
Trog
Vehumet
Wu Jian
Xom
Yredelemnul
Zin
The Shining One
Jiyva
Lugonu

Shops:
D:1 *   D:2 [(?   D:3 *   D:4 =   D:5 (   Orc:2 !![:   Elf:3 *   Vaults:1 [=
Vaults:2 ?**[   Vaults:3 =   Vaults:4 !   Depths:3 [[(((

Portals:
Hell: Depths:1 Depths:2 Depths:3 Depths:4 Depths:5
Abyss: Lair:6 Swamp:3 Depths:1 Depths:2 Depths:4
Pandemonium: Depths:1 Depths:3
Ziggurat: Depths:2

Annotations:
D:13 1 runed translucent door, yahweh's ghost, journeyman MiBe
Lair:1 2 transporters
Slime:5 corrupted
Elf:1 6 runed translucent doors
Elf:2 5 runed translucent doors
Zot:1 corrupted
Zot:5 corrupted


Innate Abilities, Weirdness & Mutations

You are completely covered in rugged brown scales. (AC +3, +7% HP)
You have supernaturally acute eyesight. (SInv)
Armour fits poorly on your strangely shaped body.
You can roll at nearby foes to attack.
You have a long armoured tail.
You curl defensively after being hit.
You are partially covered in iridescent scales. (AC +2)
You are very clumsy. (Dex -4)
Your flesh is heat resistant. (rF+)
Your magical capacity is low. (-10% MP)
You are strong-willed. (Will+)
You do not regenerate when monsters are visible.
You passively dampen the noise of your surroundings.


Message History

You throw a boomerang. The boomerang hits the moth of wrath!
The moth of wrath is heavily wounded.
A Tzitzimitl comes into view.
Roll where?
Press: ? - help, Dir - move target, f/p - moth of wrath
Aim: a moth of wrath (heavily wounded)
You roll forward with a clatter of scales!
You hit the moth of wrath. You burn the moth of wrath.
The moth of wrath is severely wounded.
The moth of wrath angrily waves its antennae.
You block the moth of wrath's attack.
Unknown command.
You bludgeon the moth of wrath!! You burn the moth of wrath.
You kill the moth of wrath!
Lugonu accepts your kill.
The Tzitzimitl calls on the powers of darkness!
Your body is wracked with pain!
* * * LOW HITPOINT WARNING * * *
Hyih comes into view.
There is a stone staircase leading up here.
Hyih roars, "Give up, thou tasty snacklet!"
You hear a shout!
Hyih conjures a glowing orb.
The orb of destruction hits a rock wall.
You climb upwards.
There is a stone staircase leading down here.
You are confused.
You feel invigorated.
You start resting.
An Ice Fiend comes into view.
The Ice Fiend calls on the powers of darkness!
Your body is wracked with pain!
* * * LOW HITPOINT WARNING * * *
The Ice Fiend calls on the powers of darkness!
Your body is wracked with pain!
* * * LOW HITPOINT WARNING * * *
You feel better.
You feel less invigorated. The Ice Fiend gestures at you.
The bolt of cold hits you!!!
You die...

#### ##### ...# ##### ##...# ...#
#.(.# ##....#
...######...#########.....#
.........................##
............(...........##
.......................##
###############[.......# #
#.@......# #####
###############........####...##
...............................##
.................................
.................................
###...##......1.).##......###.)..
#...##.........###......# #.###
#...###.........##......# #.#
########[.........##...#### #.#
...####.......#...##...######.###
............................#...#


You could see an Ice Fiend.

Vanquished Creatures
  the Royal Jelly (Slime:5)
  2 dread liches
  An orb of fire (Zot:4)
  5 ancient liches
  3 Killer Klowns (Zot:2)
  Saint Roka (Vaults:1)
  the Lernaean hydra (Swamp:4)
  The ghost of DizzySkin the Executioner, a veteran MiBe of Trog (Vaults:3)
  The ghost of mantisjm the Hoplite, a veteran HOFi of Qazlal (Vaults:3)
  Xtahua (Depths:3)
  2 curse toes
  11 golden dragons
  A bone dragon (Abyss:3)
  Nikola (Depths:2)
  A profane servitor (Swamp:3)
  The ghost of grimtooth the Warrior, an adept PaAK of Lugonu (Vaults:4)
  Arachne (Abyss:1)
  9 tentacled monstrosities
  Jorgrun (D:13)
  6 liches
  4 Orb Guardians (Zot:5)
  3 deep elf blademasters (Elf:3)
  Asterion (Elf:1)
  4 titans (Vaults:5)
  11 acid blobs
  2 deep elf master archers (Elf:3)
  12 quicksilver dragons
  Gastronok (D:8)
  An Executioner (Abyss:3)
  Frances (D:13)
  9 tentacled starspawn
  A thorn hunter (Swamp:4)
  3 sphinxes
  6 death cobs
  The ghost of grimtooth the Black Sun, an adept DDNe of Kikubaaqudgha (D:12)
  3 daevas
  Agnes (Elf:1)
  A fenstrider witch (Depths:5)
  7 tengu reavers
  8 shadow dragons
  The ghost of grimtooth the Frost Mage, an adept MfIE of Hepliaklqana (Swamp:3)
  8 rockslimes
  5 draconian monks
  14 storm dragons
  A revenant (Vaults:2)
  13 fire giants
  9 azure jellies
  4 frost giants
  4 draconian knights
  11 ghost moths
  The ghost of Lobster4 the Grappler, a journeyman TrEE of Wu Jian (Lair:6)
  3 draconian shifters
  21 vault wardens
  2 iron dragons
  5 draconian scorchers
  10 deep elf sorcerers (Elf:3)
  4 cacodemons
  7 emperor scorpions
  2 orc warlords
  A balrug (Depths:3)
  3 ghouls
  21 ironbound preservers
  3 draconian stormcallers
  2 draconian annihilators (Zot:2)
  3 spriggan defenders
  30 very ugly things
  10 deep elf elementalists (Elf:3)
  6 war gargoyles
  23 stone giants
  7 quicksilver oozes
  2 vampire knights (Depths:5)
  11 green draconians
  11 white draconians
  5 black draconians
  Azrael (Elf:1)
  4 entropy weavers
  7 deep elf demonologists
  12 dire elephants
  10 red draconians
  4 spark wasps
  6 deep elf annihilators (Elf:3)
  4 bunyips
  A minotaur (Gauntlet)
  5 yellow draconians
  2 green deaths
  14 purple draconians
  11 ettins
  A crystal guardian (WizLab)
  5 blizzard demons
  6 deep elf death magi
  10 eleionomae
  2 shambling mangroves
  11 deep elf high priests
  20 yaktaur captains
  14 great orbs of eyes
  7 fire dragons
  Harold (D:7)
  36 vault guards
  10 ice dragons
  8 boulder beetles
  4 spriggan air magi
  6 rakshasas
  10 ironbound thunderhulks
  4 ghost crabs
  10 ironbound frosthearts
  A catoblepas (Lair:4)
  24 hydras
  An ogre mage (Vaults:5)
  A death knight (Vaults:2)
  3 peacekeepers
  9 centaur warriors
  15 two-headed ogres
  13 dancing weapons
  11 deep troll shamans
  8 tengu warriors
  2 alligators
  9 ironbound beastmasters
  3 vampire magi
  3 orc high priests (Orc:2)
  A shock serpent (shapeshifter) (D:13)
  2 hell hogs
  15 deep troll earth magi
  3 deep elf knights
  14 hell knights
  9 thrashing horrors
  3 wretched stars
  44 large abominations
  6 spriggan berserkers
  5 soul eaters (Depths:3)
  18 iron trolls
  A skeletal warrior (D:13)
  5 sun demons
  A goliath frog (shapeshifter) (Depths:3)
  14 glowing orange brains
  A salamander mystic (Depths:1)
  A sixfirhy (Abyss:1)
  A swamp dragon (shapeshifter) (D:15)
  5 spriggan druids
  A death drake (shapeshifter) (Vaults:4)
  2 gelid demonspawn (Depths:3)
  8 goliath frogs
  74 deep trolls
  A shadow dragon zombie (Vaults:4)
  An orange crystal statue (WizLab)
  A flayed ghost (Depths:4)
  18 starcursed masses
  10 swamp dragons
  9 deep elf archers
  A bog body (Swamp:4)
  18 ironbound convokers
  3 lindwurms (Vaults:1)
  Pikel (D:6)
  3 phantasmal warriors
  5 harpies (Vaults:1)
  A golden dragon skeleton (Vaults:3)
  11 orc knights
  11 wizards
  17 deep elf zephyrmancers
  23 wolf spiders
  5 necromancers
  24 deep elf pyromancers
  A stone giant zombie (Vaults:3)
  An iron dragon zombie (Vaults:4)
  66 ugly things
  A tengu skeleton (Vaults:4)
  15 orb spiders
  5 shining eyes
  3 salamanders (Depths:1)
  A wolf spider (shapeshifter) (Lair:6)
  4 manticores
  2 will-o-the-wisps (Swamp:4)
  A faun (shapeshifter) (Vaults:5)
  8 orc sorcerers
  A moth of wrath (shapeshifter) (Vaults:5)
  4 worldbinders
  22 moths of wrath
  An elephant (shapeshifter) (Depths:3)
  A cyclops (shapeshifter) (D:9)
  6 elephants
  5 eyes of devastation
  A titan simulacrum (Vaults:4)
  3 black mambas
  4 orange demons
  A rust devil (Abyss:1)
  12 smoke demons
  An apocalypse crab (Abyss:2)
  A black mamba (shapeshifter) (D:13)
  A gargoyle (D:9)
  A water nymph (shapeshifter) (Elf:1)
  13 vault sentinels
  Maurice (D:8)
  2 torpor snails
  7 cane toads
  Maggie (D:7)
  A cane toad (shapeshifter) (Elf:2)
  4 rime drakes
  6 unseen horrors
  2 torpor snails (shapeshifter)
  A komodo dragon (shapeshifter) (Vaults:5)
  7 komodo dragons
  27 yaktaurs
  2 kobold demonologists (D:12)
  6 demonic crawlers
  A hellwing (Abyss:1)
  A freezing wraith (Vaults:4)
  A catoblepas zombie (Abyss:2)
  4 tengu conjurers
  4 efreet
  10 ancient zymes
  A bloated husk (Swamp:1)
  A jumping spider (shapeshifter) (Vaults:5)
  7 trolls
  27 jumping spiders
  A wind drake (shapeshifter) (D:14)
  7 tyrant leeches
  3 polar bears
  40 blink frogs
  Grinder (D:5)
  A hydra skeleton (Abyss:1)
  A hornet (shapeshifter) (D:9)
  Prince Ribbit (D:7)
  7 raiju
  17 hornets
  75 slime creatures
  An ice dragon zombie (Abyss:1)
  An alligator zombie (Abyss:3)
  A snapping turtle (Zot:1)
  A raiju (shapeshifter) (Elf:1)
  A frost giant simulacrum (Vaults:4)
  A redback (shapeshifter) (Vaults:5)
  40 tarantellas
  Sigmund (D:5)
  3 wraiths
  3 shadows
  3 flying skulls (Abyss:3)
  9 ynoxinuls
  14 spriggans
  A tarantella (shapeshifter) (D:12)
  8 fire elementals
  4 wyverns
  3 vampires
  16 water elementals
  2 air elementals
  9 basilisks
  101 redbacks
  A human (shapeshifter) (D:13)
  4 fire bats (Abyss:1)
  40 small abominations
  49 yaks
  3 golden eyes (Abyss:3)
  17 vampire mosquitoes
  3 steam dragons
  6 chaos spawn
  An elf skeleton (Vaults:3)
  3 neqoxecs (WizLab)
  Menkaure (D:6)
  5 acid dragons
  3 spatial vortices
  18 swamp worms
  5 wargs
  5 hell hounds (Elf:1)
  14 water moccasins
  3 floating eyes
  11 swamp drakes
  A floating eye (shapeshifter) (Depths:3)
  A sky beast (D:5)
  29 orc warriors
  4 ice beasts
  6 black bears
  3 necrophages
  3 boggarts (Vaults:3)
  11 ogres
  5 centaurs
  4 wolves (Lair:2)
  A lemure (D:6)
  3 kobold brigands
  20 bullfrogs
  2 gnoll sergeants
  5 earth elementals
  A wyvern zombie (D:4)
  3 scorpions
  A killer bee (D:9)
  5 wights (D:8)
  6 electric eels
  3 howler monkeys
  A bullfrog zombie (D:5)
  4 centaur zombies
  5 jellies
  2 quasits (Abyss:1)
  A bullfrog skeleton (D:6)
  6 hounds
  23 orc priests
  Crazy Yiuf (D:6)
  2 iron imps
  Ijyb (D:4)
  Terence (D:3)
  An iguana (D:6)
  15 orc wizards
  9 hell rats (Lair:6)
  A hound skeleton (D:4)
  Robin (D:4)
  12 gnolls
  5 river rats (Lair:6)
  4 adders
  A shadow imp (Abyss:1)
  5 white imps
  2 ufetubi
  5 dart slugs
  77 orcs
  2 endoplasms
  4 giant cockroaches
  11 goblins
  12 hobgoblins
  3 jackals (D:4)
  33 kobolds
  7 quokkas
  4 ball pythons
  4 bats
  4 frilled lizards
  6 rats
  A lurking horror (Abyss:2)
  5 starspawn tentacles
2417 creatures vanquished.

Vanquished Creatures (collateral kills)
  An ancient lich (Vaults:5)
  2 tentacled monstrosities
  A quicksilver dragon (Zot:2)
  A vault warden (Vaults:5)
  A green draconian (Zot:3)
  3 red draconians
  A yellow draconian (Zot:3)
  A spark wasp (Depths:3)
  4 purple draconians
  A white draconian (Zot:3)
  A fire crab (shapeshifter) (Vaults:5)
  An ugly thing (Depths:3)
  2 moths of wrath (Zot:2)
  A hornet (Swamp:1)
  A spriggan (Swamp:1)
  A fire elemental (Elf:3)
  A swamp worm (Swamp:1)
  An ogre (Vaults:5)
25 creatures vanquished.

Vanquished Creatures (others)
  A dread lich (Zot:5)
  2 orbs of fire
  2 ancient liches (Zot:5)
  A Killer Klown (Zot:5)
  the Enchantress (Depths:2)
  An electric golem (Zot:5)
  2 tentacled monstrosities (Zot:5)
  20 Orb Guardians (Zot:5)
  A moon troll (WizLab)
  5 acid blobs (Slime:5)
  A tentacled starspawn (WizLab)
  2 storm dragons
  A fenstrider witch (Swamp:4)
  An azure jelly (Slime:5)
  A draconian scorcher (Zot:5)
  2 ghost moths
  2 cacodemons (WizLab)
  A spriggan defender (Depths:2)
  A stone giant (WizLab)
  5 quicksilver oozes (Slime:5)
  A draconian shifter (Zot:2)
  A green draconian (Zot:5)
  3 black draconians (Zot:5)
  A starcursed mass (WizLab)
  3 spark wasps
  A white draconian (Zot:3)
  2 great orbs of eyes
  A spriggan air mage (Depths:2)
  A hell hog (Zot:5)
  3 spriggans
  A bog body (Swamp:1)
  A deep elf zephyrmancer (Elf:1)
  A deep elf pyromancer (Elf:1)
  2 moths of wrath
  An eye of devastation (Slime:5)
  A yaktaur (Vaults:3)
  2 unseen horrors (Depths:4)
  A bloated husk (Swamp:3)
  4 hornets
  7 slime creatures (Slime:5)
  A ynoxinul (Depths:3)
  3 golden eyes (WizLab)
  2 vampire mosquitoes (Swamp:3)
  An orc (D:7)
  12 demonic plants (WizLab)
  16 foxfires
  33 fungi
  A lurking horror (Swamp:3)
  44 plants
  32 starspawn tentacles
236 creatures vanquished.

Grand Total: 2678 creatures vanquished

Notes
Turn   | Place    | Note
-------+----------+-------------------------------------------
     0 | Abyss:1  | grimtooth the Palentonga Abyssal Knight began the quest for
                  | the Orb.
     0 | Abyss:1  | Reached XP level 1. HP: 19/19 MP: 2/2
     0 | Abyss:1  | Found a corrupted altar of Lugonu.
    34 | Abyss:1  | Noticed a raiju
    35 | D:1      | Escaped the Abyss
   297 | D:1      | Reached * piety under Lugonu
   298 | D:1      | Reached XP level 2. HP: 20/25 MP: 3/3
   608 | D:1      | Found a faded altar of an unknown god.
   810 | D:1      | Found Weror's General Store.
   815 | D:1      | Reached XP level 3. HP: 21/31 MP: 4/4
   818 | D:1      | Bought a scroll of identify for 26 gold pieces
  1119 | D:2      | Found Iwetow's Antique Armour Emporium.
  1964 | D:2      | Found Xeren's Magic Scroll Shoppe.
  1972 | D:2      | Bought a scroll of identify for 22 gold pieces
  2034 | D:2      | Found Fulot's Weapon Boutique.
  2108 | D:3      | Noticed a scorpion
  2112 | D:3      | Killed a scorpion
  2113 | D:3      | Reached XP level 4. HP: 21/40 MP: 5/5
  2244 | D:3      | Found Suytos's Assorted Antiques.
  2406 | D:3      | Reached XP level 5. HP: 46/46 MP: 6/6
  2538 | D:3      | Noticed Terence
  2552 | D:3      | Killed Terence
  2574 | D:3      | Found a glowing golden altar of the Shining One.
  2715 | D:3      | Found a snail-covered altar of Cheibriados.
  3112 | D:4      | Identified the +5 scale mail of Xuucw {rPois Str+6}
  3113 | D:4      | - even better!
  3125 | D:4      | Reached skill level 5 in Fighting
  3125 | D:4      | Reached skill level 5 in Maces & Flails
  3125 | D:4      | Reached XP level 6. HP: 31/54 MP: 7/7
  3159 | D:4      | Reached ** piety under Lugonu
  3307 | D:4      | Found Pocsiqy's Jewellery Emporium.
  3336 | D:4      | Gained mutation: You curl defensively after being hit.
                  | [Palentonga growth]
  3336 | D:4      | Reached XP level 7. HP: 49/59 MP: 8/8
  3451 | D:4      | Noticed Robin
  3464 | D:4      | Killed Robin
  3494 | D:4      | Noticed Ijyb
  3497 | D:4      | Killed Ijyb
  3915 | D:4      | Found a stormy altar of Qazlal.
  3915 | D:4      | Found an ornate altar of the Wu Jian Council.
  3917 | D:4      | Found a shimmering blue altar of Sif Muna.
  3971 | D:5      | Entered Level 5 of the Dungeon
  3980 | D:5      | Reached XP level 8. HP: 68/68 MP: 9/9
  4157 | D:5      | Found Gerush's Weapon Shop.
  4185 | D:5      | Found a radiant altar of Vehumet.
  4417 | D:5      | Noticed a two-headed ogre
  4435 | D:5      | Killed a two-headed ogre
  4436 | D:5      | Reached skill level 10 in Maces & Flails
  4536 | D:5      | Reached XP level 9. HP: 61/73 MP: 12/12
  4593 | D:5      | Noticed Grinder
  4608 | D:5      | Killed Grinder
  4609 | D:5      | Reached skill level 5 in Invocations
  4753 | D:5      | Identified the +2 ring mail of the Past {rElec rC- Will+++
                  | Str+3}
  4776 | D:5      | Noticed Sigmund
  4781 | D:5      | Killed Sigmund
  5235 | D:6      | Reached *** piety under Lugonu
  5455 | D:6      | Noticed Pikel
  5457 | D:6      | Noticed Menkaure
  5460 | D:6      | Killed Menkaure
  5469 | D:6      | Killed Pikel
  5651 | D:6      | Found a runed translucent door.
  5652 | D:6      | Noticed Crazy Yiuf
  5675 | D:6      | Killed Crazy Yiuf
  5895 | D:7      | Noticed Maggie
  5926 | D:7      | Killed Maggie
  5927 | D:7      | Reached XP level 10. HP: 25/85 MP: 16/16
  5927 | D:7      | - sheez
  6187 | D:7      | Found a staircase to the Ecumenical Temple.
  6307 | D:7      | Noticed Prince Ribbit
  6331 | D:7      | Killed Prince Ribbit
  6613 | D:7      | Noticed Harold
  6629 | D:7      | Killed Harold
  6718 | D:7      | Found a bloodstained altar of Trog.
  6849 | D:8      | Noticed Maurice
  7033 | D:8      | Found an opulent altar of Gozag.
  7034 | D:8      | Found a glowing silver altar of Zin.
  7185 | D:8      | Found a staircase to the Lair.
  7206 | D:8      | Reached **** piety under Lugonu
  7222 | D:8      | Found a basalt altar of Yredelemnul.
  7227 | D:8      | Noticed Gastronok
  7282 | D:8      | Found a flagged portal.
  7292 | Bailey   | Entered a bailey
  7490 | Bailey   | Identified the +1 arbalest of Unier {flame, rN+}
  7519 | Bailey   | Noticed an orc knight
  7540 | Bailey   | Identified the ring of Ximurol {rC+ Str+6}
  7703 | Bailey   | Killed an orc knight
  7974 | D:8      | Killed Gastronok
  7975 | D:8      | Reached skill level 5 in Armour
  7975 | D:8      | Reached XP level 11. HP: 77/95 MP: 17/17
  8099 | D:8      | Reached ***** piety under Lugonu
  8356 | D:8      | Killed Maurice
  8560 | D:9      | Noticed a deep elf pyromancer
  8564 | D:9      | Killed a deep elf pyromancer
  8674 | D:9      | Noticed a two-headed ogre
  8682 | D:9      | Killed a two-headed ogre
  8802 | D:9      | Noticed a centaur warrior
  8816 | D:9      | Killed a centaur warrior
  8882 | D:9      | Noticed a two-headed ogre
  8891 | D:9      | Killed a two-headed ogre
  8892 | D:9      | Reached skill level 10 in Invocations
  9116 | D:9      | Found a blossoming altar of Fedhas.
  9296 | D:9      | Noticed a two-headed ogre
  9301 | D:9      | Killed a two-headed ogre
  9302 | D:9      | Reached skill level 10 in Fighting
  9346 | D:9      | Noticed a glowing orange brain
  9408 | D:9      | Noticed a two-headed ogre
  9415 | D:9      | Noticed a boulder beetle
  9419 | D:9      | Killed a two-headed ogre
  9433 | D:9      | Killed a boulder beetle
  9434 | D:9      | Reached XP level 12. HP: 80/105 MP: 20/20
  9547 | D:9      | Identified the +11 long sword of Massacring {flame, +Blink
                  | rC+ Dex+4}
  9731 | D:10     | Entered Level 10 of the Dungeon
  9993 | D:2      | Bought a scroll of identify for 22 gold pieces
  9993 | D:2      | Bought 2 scrolls of teleportation for 66 gold pieces
  9993 | D:2      | Bought a scroll of identify for 22 gold pieces
  9993 | D:2      | Bought a scroll of identify for 22 gold pieces
 10052 | D:3      | Bought a scroll labelled RUYXZO FEMAU for 29 gold pieces
 10052 | D:3      | Bought an orange potion for 26 gold pieces
 10533 | D:10     | Noticed an ice dragon
 10766 | D:10     | Found a sacrificial altar of Ru.
 11060 | D:11     | Noticed a two-headed ogre
 11065 | D:11     | Killed a two-headed ogre
 11093 | D:11     | Noticed a two-headed ogre
 11110 | D:11     | Killed a two-headed ogre
 11241 | D:11     | Noticed a two-headed ogre
 11246 | D:11     | Killed a two-headed ogre
 11279 | D:11     | Reached skill level 1 in Dodging
 11303 | D:11     | Reached skill level 1 in Evocations
 11414 | D:11     | Reached ****** piety under Lugonu
 11688 | D:12     | Found a runed translucent door.
 11694 | D:12     | Noticed a two-headed ogre
 11704 | D:12     | Killed a two-headed ogre
 11819 | D:12     | Noticed a two-headed ogre
 12162 | D:12     | Found a staircase to the Orcish Mines.
 12166 | D:12     | Reached XP level 13. HP: 115/115 MP: 22/22
 12431 | D:12     | Noticed grimtooth's ghost (adept DDNe)
 12589 | D:10     | Got the +4 battleaxe "Acarinebane" {freeze, Dex+5 Stlth+}
 13064 | Lair:1   | Entered Level 1 of the Lair of Beasts
 13083 | Lair:1   | Reached skill level 5 in Evocations
 13260 | Lair:1   | Reached skill level 5 in Dodging
 13595 | Lair:1   | Found a transporter.
 13596 | Lair:1   | Found a transporter.
 14014 | Lair:2   | Found a bloodstained altar of Trog.
 14382 | Lair:3   | Found a staircase to the Swamp.
 14951 | Lair:4   | Identified the +7 dagger "Tinafesu" {flame, Fly rElec}
 15611 | Lair:4   | Found a hole to the Spider Nest.
 16345 | Lair:5   | Reached XP level 14. HP: 118/123 MP: 25/25
 16686 | Lair:5   | Reached skill level 15 in Invocations
 16688 | Lair:5   | Learned a level 1 spell: Apportation
 17098 | Lair:6   | Entered Level 6 of the Lair of Beasts
 17168 | Lair:5   | Reached skill level 1 in Translocations
 17727 | Lair:6   | Identified a scroll of acquirement
 17786 | Lair:6   | Found a runed translucent gate.
 17786 | Lair:6   | Found a runed translucent gate.
 17786 | Lair:6   | Found a runed translucent gate.
 17787 | Lair:6   | Noticed a quicksilver ooze
 18017 | Lair:6   | Found a staircase to the Slime Pits.
 18145 | Lair:6   | Noticed Lobster4's ghost (journeyman TrEE)
 18147 | Lair:6   | Found a viscous altar of Jiyva.
 18193 | Lair:6   | Reached skill level 5 in Translocations
 18201 | Lair:6   | - smells abyssy
 18941 | Lair:6   | Found a corrupted altar of Lugonu.
 18941 | Lair:6   | Found a one-way gate to the infinite horrors of the Abyss.
 18955 | Lair:6   | Reached skill level 1 in Spellcasting
 19015 | Lair:6   | Acquired the ring "Guera" {Contam rElec rCorr Dex+6 Stlth+}
 19914 | Orc:1    | Entered Level 1 of the Orcish Mines
 20333 | Orc:2    | Entered Level 2 of the Orcish Mines
 20729 | Orc:2    | Found a staircase to the Elven Halls.
 20824 | Orc:2    | Reached XP level 15. HP: 103/128 MP: 26/26
 21126 | Orc:2    | Found Bynummira's Distillery.
 21133 | Orc:2    | Found Tuuhel's Armour Boutique.
 21135 | Orc:2    | Found Komul's Distillery.
 21136 | Orc:2    | Found Xaxail's Book Boutique.
 21138 | Orc:2    | - is that everyone?
 21219 | Orc:2    | Bought a book of Misfortune for 364 gold pieces
 21227 | Orc:2    | Bought a +2 pair of gloves for 214 gold pieces
 21235 | Orc:2    | Learned a level 2 spell: Slow
 21237 | Orc:2    | Bought a potion of heal wounds for 80 gold pieces
 21249 | Orc:2    | Bought a potion of heal wounds for 70 gold pieces
 21460 | Spider:1 | Entered Level 1 of the Spider Nest
 21460 | Spider:1 | Noticed a ghost moth
 21466 | Spider:1 | Noticed a ghost moth
 21477 | Spider:1 | Killed a ghost moth
 21478 | Spider:1 | Reached skill level 1 in Hexes
 21481 | Spider:1 | - this is a hell of a start
 21482 | Spider:1 | - was that a single-space teleport
 21510 | Spider:1 | Killed a ghost moth
 21511 | Spider:1 | - oh for a vane
 21515 | Spider:1 | Noticed a ghost moth
 21518 | Spider:1 | Reached skill level 5 in Hexes
 21547 | Spider:1 | Killed a ghost moth
 21575 | Spider:1 | - damn
 22335 | Spider:2 | Acquired a +4 eveningstar of flaming
 22336 | Spider:2 | - all tempting choices for once
 22596 | Spider:3 | Noticed Arachne
 22608 | Spider:3 | Banished Arachne
 22622 | Spider:3 | - a whole eight spaces!
 22649 | Spider:3 | Reached XP level 16. HP: 46/135 MP: 27/27
 23179 | Spider:4 | Entered Level 4 of the Spider Nest
 23191 | Spider:4 | Reached skill level 10 in Hexes
 23191 | Spider:4 | Reached skill level 10 in Translocations
 23211 | Spider:4 | Reached skill level 1 in Throwing
 23223 | Spider:4 | - what is going on when dig doesnt work
 24183 | Spider:4 | Reached skill level 5 in Throwing
 26357 | Spider:4 | Got a gossamer rune of Zot
 26381 | Spider:4 | - boy, one of the tougher times in the nest
 26498 | Lair:4   | Acquired a +2 barding of fire resistance
 26547 | Swamp:1  | Entered Level 1 of the Swamp
 27188 | Swamp:1  | Reached XP level 17. HP: 136/148 MP: 28/28
 27631 | Swamp:1  | Reached skill level 1 in Shields
 27733 | Swamp:1  | - uh-oh
 27996 | Swamp:2  | Got Bumis's Handbook of Glacial Envenoming
 28333 | Swamp:3  | Learned a level 3 spell: Confusing Touch
 28345 | Swamp:3  | Noticed a tentacled monstrosity
 28579 | Swamp:3  | - these teleports are really unsatisfactory
 28716 | Swamp:3  | Noticed a profane servitor
 28735 | Swamp:3  | Found a transporter.
 28735 | Swamp:3  | Noticed grimtooth's ghost (adept MfIE)
 28810 | Swamp:3  | Found a transporter.
 28952 | Swamp:3  | - what are you doing here
 29015 | Swamp:3  | - man
 29279 | Swamp:4  | Entered Level 4 of the Swamp
 29310 | Swamp:4  | Reached skill level 15 in Fighting
 29698 | Swamp:4  | Paralysed by a fenstrider witch for 4 turns
 29701 | Swamp:4  | Reached skill level 5 in Shields
 30804 | Swamp:4  | Noticed the 27-headed Lernaean hydra
 30830 | Swamp:4  | Killed the 27-headed Lernaean hydra
 30912 | Swamp:4  | Got a decaying rune of Zot
 31267 | D:13     | Found a runed translucent door.
 31268 | D:13     | Noticed yahweh's ghost (journeyman MiBe)
 31269 | D:13     | Identified the +6 trident of a bailey {protect, *Corrode
                  | Fly rElec Will+}
 31411 | D:13     | Found a gate leading to a gauntlet.
 31429 | Gauntlet | Entered a Gauntlet
 31429 | Gauntlet | Found a transporter.
 31429 | Gauntlet | Found a transporter.
 31429 | Gauntlet | Found a transporter.
 31430 | Gauntlet | - I wonder what happens with corrupt here
 31431 | Gauntlet | Found a transporter.
 31435 | Gauntlet | Found a large runed translucent door.
 31436 | Gauntlet | Found a large runed translucent door.
 31437 | Gauntlet | Found a large runed translucent door.
 31437 | Gauntlet | Found a large runed translucent door.
 31437 | Gauntlet | Found a runed translucent door.
 31437 | Gauntlet | Found a runed translucent door.
 31438 | Gauntlet | Found a large runed translucent door.
 31438 | Gauntlet | Found a large runed translucent door.
 31438 | Gauntlet | Found a large runed translucent door.
 31438 | Gauntlet | Found a large runed translucent door.
 31440 | Gauntlet | Found a transporter.
 31446 | Gauntlet | Found a large runed translucent door.
 31447 | Gauntlet | Found a large runed translucent door.
 31448 | Gauntlet | Found a large runed translucent door.
 31449 | Gauntlet | Found a runed translucent gate.
 31450 | Gauntlet | Found a runed translucent gate.
 31451 | Gauntlet | Found a transporter.
 31451 | Gauntlet | Found a transporter.
 31516 | Gauntlet | Found a transporter.
 31531 | Gauntlet | Found a transporter.
 31544 | Gauntlet | Found a transporter.
 31556 | Gauntlet | Found a transporter.
 31569 | Gauntlet | Found a transporter.
 31571 | Gauntlet | Found a large runed translucent door.
 31572 | Gauntlet | Found a large runed translucent door.
 31573 | Gauntlet | Found a large runed translucent door.
 31574 | Gauntlet | Found a runed translucent gate.
 31600 | Gauntlet | Found a large runed translucent door.
 31601 | Gauntlet | Found a large runed translucent door.
 31650 | Gauntlet | - short way and long way
 31650 | Gauntlet | - look at the two exp
 31748 | Gauntlet | Reached XP level 18. HP: 159/159 MP: 29/29
 31762 | Gauntlet | Reached XP level 19. HP: 156/165 MP: 30/30
 31794 | Gauntlet | Reached XP level 20. HP: 173/173 MP: 31/31
 31813 | Gauntlet | Identified the +4 ring mail of Qeynt {rElec Dex+4}
 31830 | Gauntlet | Identified the -5 tower shield of Oblivion {-Cast rN++
                  | Will+}
 31833 | Gauntlet | Identified the +4 leather armour of Pasamein {Harm rCorr
                  | Int-4}
 31834 | Gauntlet | Got the Papyrus of Conjuration and Earth
 31836 | Gauntlet | Identified the +3 ring mail of the Guilds {Regen+ Int+2}
 31921 | D:13     | Found a gate to the Vaults.
 31939 | D:13     | Reached skill level 15 in Maces & Flails
 31959 | D:13     | Noticed Jorgrun
 31984 | D:13     | Killed Jorgrun
 32246 | D:13     | Noticed Frances
 32256 | D:13     | Killed Frances
 32485 | D:13     | Learned a level 5 spell: Agony
 32491 | D:13     | Learned a level 5 spell: Yara's Violent Unravelling
 32858 | D:1      | Bought a potion of heal wounds for 65 gold pieces
 32858 | D:1      | Bought 2 scrolls of magic mapping for 91 gold pieces
 32942 | D:2      | Bought a scroll of holy word for 82 gold pieces
 33188 | Orc:2    | Bought a potion of cancellation for 128 gold pieces
 33280 | Vaults:1 | Entered Level 1 of the Vaults
 33750 | Vaults:1 | Found Vyviugot's Jewellery Boutique.
 33790 | Vaults:1 | Reached skill level 1 in Necromancy
 34709 | Vaults:1 | Reached skill level 5 in Necromancy
 35330 | Vaults:1 | Cast into level 2 of the Abyss (a wizard)
 35331 | Abyss:2  | Noticed an ancient lich
 35357 | Abyss:2  | Killed an ancient lich
 35399 | Vaults:1 | Escaped the Abyss
 35684 | Vaults:1 | Found Wiciull's Antique Armour Emporium.
 36465 | Vaults:2 | Noticed Saint Roka
 36501 | Vaults:1 | Killed Saint Roka
 36502 | Vaults:1 | Reached skill level 10 in Necromancy
 36595 | Vaults:1 | Reached XP level 21. HP: 173/179 MP: 24/32
 37008 | Vaults:2 | Found Gozag's Antique Armour Shop.
 37113 | Vaults:2 | Found an opulent altar of Gozag.
 37113 | Vaults:2 | Found Gozag's Assorted Antiques.
 37128 | Vaults:2 | Found Gozag's Assorted Antiques.
 37137 | Vaults:2 | Found Zavauwed's Magic Scroll Boutique.
 37159 | Vaults:2 | Bought a scroll of fog for 30 gold pieces
 37159 | Vaults:2 | Bought a scroll of fog for 30 gold pieces
 37159 | Vaults:2 | Bought a scroll of fog for 30 gold pieces
 37714 | Vaults:2 | Reached skill level 10 in Armour
 37752 | Vaults:2 | Found a staircase to the Crypt.
 38046 | Vaults:3 | Found Doest's Jewellery Boutique.
 38530 | Vaults:3 | Found a large runed translucent door.
 38530 | Vaults:3 | Found a large runed translucent door.
 38530 | Vaults:3 | Noticed DizzySkin's ghost (veteran MiBe)
 38530 | Vaults:3 | Noticed mantisjm's ghost (veteran HOFi)
 38818 | Abyss:1  | Killed Arachne
 38862 | Abyss:1  | - i should banish more dudes
 38882 | Vaults:3 | Escaped the Abyss
 39240 | Vaults:3 | Escaped the Abyss
 39950 | Vaults:3 | Reached skill level 1 in Transmutations
 40380 | Vaults:3 | Reached skill level 5 in Transmutations
 41427 | D:14     | Reached XP level 22. HP: 187/187 MP: 31/33
 41874 | D:14     | Found a shimmering altar of Xom.
 41991 | D:15     | Entered Level 15 of the Dungeon
 42643 | D:15     | Found a portal to a secret trove of treasure.
 42837 | D:15     | Paralysed by a great orb of eyes for 5 turns
 42905 | D:15     | - i got a willpower problem
 42915 | D:15     | Found a staircase to the Depths.
 43322 | Vaults:1 | Bought an ichor-stained hat for 198 gold pieces
 43322 | Vaults:1 | Identified the +0 hat of the Tormentor {Rampage rElec rPois
                  | Dex-5} (You bought it in a shop on level 1 of the Vaults)
 43754 | Vaults:4 | Paralysed by a sphinx for 4 turns
 44023 | Vaults:4 | Found Myry's Distillery.
 44029 | Vaults:4 | Bought a potion of heal wounds for 110 gold pieces
 44029 | Vaults:4 | Bought a potion of might for 88 gold pieces
 44135 | Vaults:4 | Found a large runed translucent door.
 44135 | Vaults:4 | Found a large runed translucent door.
 44135 | Vaults:4 | Found a large runed translucent door.
 44135 | Vaults:4 | Found a large runed translucent door.
 44135 | Vaults:4 | Found a large runed translucent door.
 44135 | Vaults:4 | Found a large runed translucent door.
 44135 | Vaults:4 | Found a large runed translucent door.
 44135 | Vaults:4 | Found a large runed translucent door.
 44135 | Vaults:4 | Noticed grimtooth's ghost (adept PaAK)
 44160 | Vaults:4 | Reached skill level 5 in Spellcasting
 44323 | Vaults:4 | HP: 7/187 [ironbound frostheart/creeping frost (26)]
 45239 | Vaults:4 | Noticed a dread lich
 45247 | Vaults:4 | Killed a dread lich
 45710 | Depths:1 | Entered Level 1 of the Depths
 45721 | Depths:1 | Found a corrupted altar of Lugonu.
 46021 | Depths:1 | Found a corrupted altar of Lugonu.
 46058 | Depths:1 | Found a one-way gate leading to the halls of Pandemonium.
 46764 | Depths:1 | Reached XP level 23. HP: 134/195 MP: 29/35
 46883 | Depths:1 | Found a gateway to Hell.
 47228 | Depths:1 | - dang
 48167 | Depths:2 | Noticed Nikola
 48167 | Depths:2 | Noticed the Enchantress
 48168 | Depths:2 | - double trouble
 48182 | Depths:2 | Killed the Enchantress
 48183 | Depths:2 | - nice one Nicky
 48185 | Depths:2 | - what is this thin air business
 48298 | Depths:2 | Killed Nikola
 48336 | Depths:2 | Identified a +8 quick blade of distortion (a +6 quick blade
                  | corrupted by Lugonu)
 48336 | Depths:2 | Received a gift from Lugonu
 48338 | Depths:2 | Found a gateway to a ziggurat.
 48583 | Depths:3 | Found Zarphymu's Antique Weapon Boutique.
 49131 | Depths:3 | Found Dewotz's Weapon Emporium.
 49131 | Depths:3 | Found Duijeso's Weapon Emporium.
 49131 | Depths:3 | Found Maurghip's Armour Shoppe.
 49134 | Depths:3 | Found Xotepp's Armour Shoppe.
 49569 | Depths:3 | Noticed Xtahua
 49714 | Depths:3 | - if i get paralyzed...
 49722 | Depths:3 | Paralysed by Xtahua for 3 turns
 49731 | Depths:3 | Killed Xtahua
 49736 | Depths:3 | - no scales!
 49775 | Depths:3 | - has bai showed up
 49904 | Depths:3 | Paralysed by a floating eye for 3 turns
 50222 | Depths:3 | Identified the +5 quarterstaff of Grandeur {protect, +Rage
                  | Dex+2}
 51726 | Depths:4 | Learned a level 4 spell: Iskenderun's Mystic Blast
 51727 | Depths:5 | Entered Level 5 of the Depths
 51741 | Depths:4 | Reached skill level 1 in Conjurations
 51763 | Depths:5 | Reached XP level 24. HP: 177/210 MP: 28/36
 51924 | Depths:5 | Found a magical portal.
 51938 | WizLab   | Entered Lehudib's Moon Base
 52034 | WizLab   | - willpower argh
 52213 | WizLab   | Reached skill level 5 in Conjurations
 52342 | WizLab   | Found a transporter.
 52879 | WizLab   | Found a transporter.
 52973 | WizLab   | Identified the ring of Yragraset {rPois Will+++ Str+6 Dex-3
                  | SInv}
 52975 | WizLab   | - hey, some willpwer
 53075 | WizLab   | Gained mutation: You are dopey. (Int -2) [a neqoxec]
 53096 | WizLab   | - i guess corrupt would be good here
 53098 | WizLab   | Corrupted WizLab
 53173 | WizLab   | Found the +4 moon troll leather armour {Spirit, Regen++
                  | MP+5}
 54143 | Depths:5 | Identified the +4 mace "Eleu" {venom, +Blink rF- rCorr
                  | Str+6}
 54308 | Depths:5 | Reached skill level 10 in Transmutations
 54355 | Depths:5 | Learned a level 4 spell: Animate Dead
 54359 | Depths:5 | Learned a level 3 spell: Vampiric Draining
 55378 | Depths:5 | Found a gate to the Realm of Zot.
 56008 | Elf:1    | Entered Level 1 of the Elven Halls
 56008 | Elf:1    | Noticed Asterion
 56008 | Elf:1    | Noticed Agnes
 56009 | Elf:1    | - now thats some double trouble
 56013 | Elf:1    | Noticed Azrael
 56014 | Elf:1    | - pretty busy in here
 56024 | Elf:1    | Killed Azrael
 56096 | Elf:1    | Killed Agnes
 56136 | Elf:1    | Killed Asterion
 56441 | Elf:1    | Found a runed translucent gate.
 56441 | Elf:1    | Found a runed translucent gate.
 56441 | Elf:1    | Found a runed translucent gate.
 56441 | Elf:1    | Found a runed translucent gate.
 56441 | Elf:1    | Found a runed translucent gate.
 56442 | Elf:1    | Found a runed translucent gate.
 56704 | Elf:1    | Reached XP level 25. HP: 218/218 MP: 33/36
 57000 | Elf:2    | Reached skill level 15 in Necromancy
 57045 | Elf:2    | Found a huge runed translucent gate.
 57045 | Elf:2    | Found a huge runed translucent gate.
 57045 | Elf:2    | Found a huge runed translucent gate.
 57045 | Elf:2    | Found a huge runed translucent gate.
 57049 | Elf:2    | Found a huge runed translucent gate.
 57056 | Elf:2    | Identified the +7 morningstar "Hyallit" {vorpal, rElec}
 57455 | Elf:3    | Entered Level 3 of the Elven Halls
 57552 | Elf:2    | Learned a level 6 spell: Dispersal
 57656 | Elf:3    | Paralysed by an air elemental for 1 turns
 57956 | Elf:3    | Found Fijaef's General Store.
 57976 | Elf:3    | Identified the +4 scale mail of Cimy {Harm rElec Str+2}
 58241 | Elf:3    | Gained mutation: Your magical capacity is low. (-10% MP) [a
                  | neqoxec]
 58245 | Elf:3    | Gained mutation: Your spells are a little easier to cast,
                  | but a little less powerful. [a neqoxec]
 58409 | D:12     | Lost mutation: Your spells are a little easier to cast, but
                  | a little less powerful. [potion of mutation]
 58409 | D:12     | Lost mutation: Your magical capacity is low. (-10% MP)
                  | [potion of mutation]
 58409 | D:12     | Lost mutation: You are dopey. (Int -2) [potion of mutation]
 58409 | D:12     | Gained mutation: You are strong-willed. (Will+) [potion of
                  | mutation]
 58409 | D:12     | Gained mutation: You passively dampen the noise of your
                  | surroundings. [potion of mutation]
 58409 | D:12     | Gained mutation: Your flesh is heat resistant. (rF+)
                  | [potion of mutation]
 58410 | D:12     | - not bad atall
 58604 | Elf:3    | Identified the +4 scythe "Initsyn" {vorpal, *Slow rElec
                  | Int+3}
 58659 | Elf:3    | - too many priests
 59030 | Elf:3    | Escaped the Abyss
 59187 | Abyss:1  | Identified the +1 leather armour of Weuhuem {Str+4}
 59241 | Elf:3    | Escaped the Abyss
 59452 | Elf:3    | Identified the ring "Dapemof" {rF++ SInv Stlth+}
 59614 | Elf:3    | Identified the amulet of Jebybb {Faith MP+9 Slay+3 Stlth+}
 59836 | Elf:3    | Identified the +0 long sword "Killer Klown's Death" {pain,
                  | rC++}
 59852 | Elf:3    | Got the Volume of Earth
 59858 | Elf:3    | Got Lehudib's Handbook of Damage Dealing
 60085 | Elf:3    | Identified the +5 whip of Koicziwu {venom, Int+3}
 60199 | Elf:3    | Bought a potion of might for 80 gold pieces
 60199 | Elf:3    | Bought a wand of paralysis (7) for 180 gold pieces
 60199 | Elf:3    | Bought a wand of paralysis (12) for 280 gold pieces
 60199 | Elf:3    | Bought a potion of magic for 160 gold pieces
 60199 | Elf:3    | Bought 4 curare-tipped darts for 48 gold pieces
 60286 | Orc:2    | Bought a potion of haste for 160 gold pieces
 60421 | D:12     | Killed grimtooth's ghost
 60430 | D:12     | Identified the +5 flail of the Assorted Friends {vorpal,
                  | *Noise +Blink rElec rC-}
 60774 | Swamp:3  | - vault is fitting i guess
 60951 | Swamp:3  | Killed grimtooth's ghost
 61301 | Vaults:4 | Killed grimtooth's ghost
 61302 | Vaults:4 | - reasonably tough...guards scales may be the thing
 61491 | Vaults:3 | - tough guys, hmmm?
 61535 | Vaults:3 | Killed DizzySkin's ghost
 61574 | Vaults:3 | Killed mantisjm's ghost
 61859 | Lair:6   | Killed Lobster4's ghost
 61917 | Lair:6   | Identified the ring of Ru's Esteem {Ice Int+2 Dex-4 SInv}
 61920 | Lair:6   | _ meh
 62657 | Slime:1  | Entered Level 1 of the Pits of Slime
 62802 | Slime:1  | Gained mutation: You are clumsy. (Dex -2) [a shining eye]
 63282 | Slime:2  | Reached XP level 26. HP: 210/225 MP: 24/37
 63643 | Slime:5  | Entered Level 5 of the Pits of Slime
 63733 | Slime:5  | Gained mutation: You are very clumsy. (Dex -4) [a shining
                  | eye]
 63750 | Slime:5  | Found a viscous altar of Jiyva.
 63750 | Slime:5  | Noticed the Royal Jelly
 63751 | Slime:5  | Corrupted Slime:5
 63757 | Slime:5  | Got a slimy rune of Zot
 63792 | Slime:5  | Killed the Royal Jelly
 63888 | Slime:5  | Identified the +5 lajatang of Mirit {vorpal, rElec Str+5}
 63898 | Slime:5  | Got the Compendium of Stolen Souls
 63967 | Slime:5  | Identified the +9 hunting sling of Corruption {flame,
                  | Str+4}
 64023 | Slime:5  | Identified the +10 falchion "Pebott" {venom, Int+2}
 64033 | Slime:5  | Identified the +4 short sword "Ackun" {drain, +Blink Fly
                  | rElec Str-4}
 64413 | Vaults:5 | Entered Level 5 of the Vaults
 64454 | Vaults:5 | Noticed an ancient lich
 64539 | Vaults:5 | Noticed an ancient lich
 64558 | Vaults:5 | Killed an ancient lich
 65253 | Vaults:5 | Killed an ancient lich
 65254 | Vaults:5 | Reached skill level 15 in Armour
 65254 | Vaults:5 | - yikes
 65559 | Vaults:5 | Noticed an ancient lich
 65580 | Vaults:5 | Killed an ancient lich
 65643 | Vaults:5 | Identified the ring of Zeunk {rF+ Str+6 Int+4}
 65734 | Vaults:5 | Got a silver rune of Zot
 65748 | Vaults:5 | Identified the +7 executioner's axe of Discord {vorpal,
                  | +Rage rPois Str+3 Int-4}
 65815 | Vaults:5 | Identified the ring "Hetouwe Amn" {Drain AC+4 Str+3 Dex+3}
 66196 | Vaults:5 | Noticed an ancient lich
 66213 | Vaults:5 | Learned a level 4 spell: Dispel Undead
 66234 | Vaults:5 | Identified the +3 dagger of Fortitude {freeze, rF+++ Str-4
                  | Int-5 Dex+3}
 66319 | Vaults:5 | Killed an ancient lich
 66934 | Vaults:5 | Acquired the Collected Works on the Bewitching Traveller
 67331 | Vaults:5 | Reached XP level 27. HP: 178/232 MP: 37/37
 67931 | D:15     | You paid a toll of a +4 ring of slaying to enter a treasure
                  | trove
 67932 | Trove    | Entered a treasure trove
 67939 | Trove    | Identified the +0 hat of Arubogh {rF- rN+++ Dex+5 SInv}
 67940 | Trove    | Identified the amulet "Socaen" {Reflect SH+5 SInv Stlth+}
 67946 | Trove    | Identified the +8 morningstar "Fikhucov" {spect, rC+ Int+7
                  | Dex-4 Stlth+}
 67952 | Trove    | Identified the +0 pair of gloves of the Nine Songs {+Inv
                  | Will+}
 68063 | D:13     | Acquired Sif Muna's Catalogue of the Badger
 68065 | D:13     | - doubt i'll ever cast these
 68225 | Depths:1 | Voluntarily entered the Abyss.
 68456 | Abyss:1  | Reached skill level 10 in Evocations
 69073 | Abyss:3  | Identified the +6 scale mail of the Pit {Will+}
 69158 | Abyss:3  | Reached skill level 10 in Spellcasting
 69561 | Abyss:3  | - this better be a vault
 69602 | Abyss:3  | Paralysed by a floating eye for 2 turns
 69728 | Abyss:3  | Got an abyssal rune of Zot
 69759 | Abyss:3  | Found a corrupted altar of Lugonu.
 69769 | Abyss:3  | Found a corrupted altar of Lugonu.
 69782 | Abyss:3  | Noticed a dread lich
 69825 | Abyss:3  | Killed a dread lich
 69831 | Depths:1 | Escaped the Abyss
 69938 | Zot:1    | Entered Level 1 of the Realm of Zot
 70777 | Zot:2    | Noticed an orb of fire
 70800 | Zot:1    | Corrupted Zot:1
 70800 | Zot:1    | Gained mutation: You are weak. (Str -2) [an orb of fire]
 70810 | Zot:1    | Gained mutation: Your magical capacity is low. (-10% MP)
                  | [an orb of fire]
 70811 | Zot:1    | Killed an orb of fire
 71362 | Zot:2    | Identified the +2 great sword of Exhibitionism {flame,
                  | rCorr Dex+6}
 71385 | Zot:2    | - all these goddamn purples
 72224 | Depths:1 | Learned a level 8 spell: Infestation
 72224 | Depths:1 | - can we make it to Haunt
 72367 | Zot:2    | Learned a level 5 spell: Manifold Assault
 74069 | D:13     | Learned a level 6 spell: Death Channel
 74078 | D:13     | Learned a level 8 spell: Borgnjor's Revivification
 74668 | Zot:4    | Noticed an orb of fire
 74669 | Zot:4    | Gained mutation: You are dopey. (Int -2) [an orb of fire]
 74673 | Zot:4    | Gained mutation: You do not regenerate when monsters are
                  | visible. [an orb of fire]
 74680 | Zot:4    | Gained mutation: You are frail. (-10% HP) [an orb of fire]
 74687 | Zot:4    | Gained mutation: You tend to lose your temper in combat.
                  | [an orb of fire]
 74690 | Zot:4    | Lost mutation: You are weak. (Str -2) [an orb of fire]
 74693 | Zot:4    | Killed an orb of fire
 75220 | D:14     | Lost mutation: You tend to lose your temper in combat.
                  | [potion of mutation]
 75220 | D:14     | Lost mutation: You are dopey. (Int -2) [potion of mutation]
 75220 | D:14     | Lost mutation: You are frail. (-10% HP) [potion of
                  | mutation]
 75220 | D:14     | Gained mutation: You are partially covered in iridescent
                  | scales. (AC +2) [potion of mutation]
 76314 | Zot:5    | Entered Level 5 of the Realm of Zot
 76482 | Zot:5    | Acquired the +3 barding of a bailey {rElec MP+9 Int+4
                  | Dex-2}
 76552 | Zot:5    | Noticed an ancient lich
 76552 | Zot:5    | Noticed an ancient lich
 76553 | Zot:5    | - eek
 76553 | Zot:5    | Corrupted Zot:5
 76553 | Zot:5    | Noticed an ancient lich
 76553 | Zot:5    | Noticed an ancient lich
 76558 | Zot:5    | HP: 6/232 [ancient lich/crystal spear (68)]
 76559 | Zot:5    | Noticed a dread lich
 76559 | Zot:5    | HP: 2/232 [black draconian scorcher/bolt of lightning (4)]
 76565 | Zot:5    | Killed an ancient lich
 76565 | Zot:5    | Noticed an orb of fire
 76571 | Zot:5    | Killed a dread lich
 76576 | Zot:5    | Killed an ancient lich
 76577 | Zot:5    | Killed an ancient lich
 76590 | Zot:5    | Killed an orb of fire
 76852 | Zot:5    | Noticed an orb of fire
 76938 | Zot:5    | Reached skill level 15 in Hexes
 76938 | Zot:5    | Reached skill level 15 in Translocations
 76958 | Zot:5    | Noticed an ancient lich
 77056 | Zot:4    | Noticed Hyih the pandemonium lord
 77067 | Zot:3    | Killed from afar by an Ice Fiend

Illustrated notes .###.....#...##. ## ###s#........ # #.#..#..##. # #....##..# ... ##....^..## .. #...... .. .# #.....# .##.# #######.....# ....###.. <...........####...... .###.##........#...# ..#..##.....##..@..##### #...###.....###......... #......<....####..#####. ###.#.#...........>..... #<#'###########.###### #.#(.# .# ###))# .# #### .# ## Turn 3113 on D:4: - even better! ....######### ....##......# #+# ............##.... .................. .................. ##+#######'###.... ..........#########.... ..................#...# ............§.....#...# ............).....#...+ .............@....#...# ##########...°..).# ..# #....○...###)## #####+##...)..# #......# #......# #......# +......# #......# ......... ........... Turn 5927 on D:7: - sheez .........♣ ........♣♣ ........♣ ........♣♣♣ ..........♣♣♣♣♣ .###.#.♣....♣.♣ ## ###♣♣♣.....♣ ♣.....♣♣ . ♣♣♣....♣♣♣ .x. ♣♣♣....♣♣..... ♣♣♣.@....♣ ♣♣♣.♣♣♣♣ ♣♣ Turn 18201 on Lair:6: - smells abyssy #....# ##....# #....# ##.)##.....# .....# #.)## .....## .....###.##.. ##.#.∩ .....##..##..##..#. ## .....##.##...#....#.∩# ))).)##)##........#..# .....##.# .........#.# .....##)#####......#.# ....)))..............# .....##.#####...@..#.# .....##.##.........# .....##.##........#..# .....##.##...#....# ∩# ....###..##..##..#..## .....###.##...##.#.∩# .....# #..##.......## .....# ##..##.....## .....# ##....##### .....# ###### .##..## Turn 21138 on Orc:2: - is that everyone? ................... #...s...<....... #.......#....... ##...s.#........ ##.....ys..^^.. #............. #ssy.......... . #.s.....?..... .sy##○Bsy.......^. ....sss.°s......... .....sss.@.......#. ..#....s......#..# ....##..B.......^ .!..# #^..°..#... .... ###.#°..... ... ###°..... ...... ...... Turn 21481 on Spider:1: - this is a hell of a start #...s...<....... #.......#....... ##.....#........ ##..s......^^.. #....y........ #.....s....... . #.ssy...?..... .sy##°..........^. ....s.ss.Bsy....... .....ss.s.s......#. ..#.....s.B@..#..# ....##..°.......^. .!..# #^.....#...#. .... ###.#.s....# ... ###........ ......... ....... # .......# Turn 21482 on Spider:1: - was that a single-space teleport ....s.ss.Bsy....... .....ss..........#. ..#........§..#..#.....# ....##..........^.#.... .!..# #^...ss#...#..... .... ###.#sssyy.#.... ... ###ssssys...# #..sBss.... ....sBs..# $.......# .#....#@# #.#. ### # Turn 21511 on Spider:1: - oh for a vane .....ss..........#.. .... ..#...........#..#.....#. ....##..........^.#..... .!..# #^.....#...#....... .... ###.#.†....#..... . ... ###...†††...#.... ##....††......... ##.(..†(...#!#.... #.$.(((...## .. . #..#††..#.# ... # #@#..### ... ###### .. . Turn 21575 on Spider:1: - damn ..... ≈. ..)..... ... ........ ....## #.#.#... $...#≈# .......# ......≈## ........ .#....≈≈### ...................# .....>..........@..## ...............#..≈≈# ...................## ....................## ........#............# ............#..>....## .........#.......†.## ..........>....†..## ...<...#..........# .............†....#≈≈ .................≈≈≈≈ Turn 22336 on Spider:2: - all tempting choices for once . #.......^... .. #....<...... .^. #........... $...........#^†......(s. ...........†††.......... ........ss..s†††##.s.... .......y^sss†††.# ≈##... ........ssss.s### .. ... ........s.s(... ... .. .......$....... .s. .......@....... ..? ............... .......^....... .......#...#... ....... ...# #. #...... .... ....... ..... ....... ...... Turn 22622 on Spider:3: - a whole eight spaces! ... ..# . ##.. ## #.. .^. .# #..##..#. . .....#s. .###....s## .##..^..#ss@# . ....#^.s#ss## ..##.?#..ss#ss# ?....#..###ss## ...^.........^# #.#.s...(.## #......###.#(.# :.[.... ^#^..# .#..... .# .^.# ......... #..# ..##^..# #.# Turn 23223 on Spider:4: - what is going on when dig doesnt work ### ##.# ##... ##.... #..... ###... ###.... #..#... ####### ##..##. ###^^^..### ##.#.. ####≈...^.@..###### #..#.. ##.....^####.......####..#<. ####......##.≈####...^.≈###.... ###.≈...≈^^........####≈..####... #≈.≈.###...≈≈≈≈≈≈≈...≈#....####.. #.≈..#.≈...≈≈..≈≈≈≈≈..#.....##≈.. #..≈.###≈.^.≈≈≈....[.##≈..≈.###.. #.≈.†^.#####.....≈####≈≈....###≈. ##.........########≈≈≈≈...^###... ##...≈.≈≈..^.≈..≈........####.≈≈ ##^.......†........≈.#≈.≈.#^... Turn 26381 on Spider:4: - boy, one of the tougher times in the nest ........≈≈≈.♣♣♣.......≈≈..≈...≈≈≈ .§≈≈≈≈≈.≈≈≈.♣♣♣♣.≈≈≈.≈≈≈≈.....≈≈≈ .≈..≈§≈≈≈...≈♣ ♣.≈≈≈.≈§≈...>..≈§≈ ≈♣..≈≈≈....♣.♣♣♣.≈≈≈≈≈≈≈≈.≈≈♣.≈≈≈ ≈♣♣≈....≈.[...≈♣≈.≈≈≈≈≈≈.......≈≈ ≈§≈≈≈≈....≈≈≈..♣≈..≈≈≈≈≈≈≈≈≈≈.... .§≈≈≈≈.§..≈§≈.>†.....≈w≈≈≈≈≈..... ..≈≈...♣♣..≈≈≈[).....≈≈≈≈≈≈≈.♣≈.. ≈...≈..≈♣....≈≈...§.[≈≈≈..≈.≈≈§≈. ♣♣..§≈≈.♣♣≈......≈i≈..≈§.§♣.≈≈≈≈. ♣♣..≈≈.♣♣♣♣≈...@≈w≈.≈≈≈≈♣♣≈.≈≈.♣ ♣♣..≈≈≈♣♣♣♣♣♣≈..≈≈≈≈♣♣♣♣♣♣♣≈.... ♣♣......≈.≈.♣.......♣♣ ♣♣♣♣≈. ♣≈≈≈≈.♣♣≈.≈≈.≈≈≈≈≈≈≈.♣ ♣≈♣. ♣♣.§≈≈≈♣♣≈...≈§≈.≈≈≈.♣ ♣♣≈. ♣.≈≈≈≈♣♣♣.≈♣.....≈..♣ ♣.. ♣♣.≈.♣♣ ♣♣♣♣♣...≈≈.≈♣ ♣≈≈ ♣♣♣♣♣ ♣♣♣..≈§♣♣ ♣♣♣ ♣♣♣♣♣♣ Turn 27733 on Swamp:1: - uh-oh ♣♣≈.♣$..≈≈..♣♣♣♣ ♣♣≈≈ ♣..§..≈...♣♣♣...♣♣♣♣♣.≈ ♣...≈≈..§♣♣♣.......♣... ♣...≈.≈..♣♣........♣♣.. ♣♣.≈≈....♣..........♣≈. ♣.$.≈≈RD.♣....♣.....♣.≈ ♣≈≈.≈§.ii♣.....♣♣.....≈ ♣≈..§.≈.§♣♣...♣......≈. ♣.≈....≈.♣♣♣..♣.......≈ ♣§...wi(..♣.♣≈≈≈≈..♣♣♣♣ ♣.≈..w@.Fw♣♣≈≈≈≈≈≈♣♣ ♣ ♣♣.§..≈≈§.♣.♣≈≈≈≈♣.♣ ♣........t....≈♣..♣♣♣ ♣♣≈.....†...........♣ ♣...≈≈.≈.w......♣...♣ ♣♣......≈♣.....♣...♣♣ ♣..≈≈.≈..♣....♣....♣ ♣.≈≈..≈.≈♣♣........♣ ♣.≈≈..≈§≈≈♣......♣.♣ ♣..≈.≈≈.≈≈♣♣♣♣...♣♣♣ .≈.. ♣♣♣♣♣ Turn 28579 on Swamp:3: - these teleports are really unsatisfactory ♣......♣♣♣≈≈..©. ♣♣♣♣♣♣♣♣ ♣≈≈...♣ ♣≈♣.... ♣.>♣≈≈♣ ♣ ♣♣♣♣♣.≈.≈†≈ ♣. ♣♣♣♣♣.♣♣..♣≈≈≈♣ ..≈ ♣♣≈♣.♣≈♣♣♣.≈≈.♣≈ .≈≈ ♣..≈≈≈≈≈..≈≈.≈.≈ ♣... ≈h♣♣♣♣♣○♣..≈≈≈≈≈≈♣≈≈≈ ..≈♣.♣≈♣♣°○..♣♣♣♣≈≈.≈..≈≈ . .♣.♣.≈≈@..≈♣♣ ♣♣≈..≈... ♣♣≈ ♣.≈...)≈.♣♣♣ ♣♣≈†.≈≈.. ♣.≈≈♣♣..≈♣≈.♣♣ ♣.≈≈♣≈≈≈≈ ♣♣≈.♣$..≈≈..♣♣♣♣ ♣♣§≈≈≈..≈ ♣..§..≈...♣♣♣...♣♣♣♣♣.≈≈≈<♣. ♣...≈≈...♣♣♣.......♣...≈..♣. ♣...≈.≈..♣♣........♣♣..♣≈.♣. ♣♣.≈≈....♣..........♣≈.≈≈..≈ ♣.$.≈§≈..♣....♣.....♣.≈.≈≈.≈ ♣≈≈.≈≈..≈♣.....♣♣.....≈)...≈ ♣≈..t.≈.≈♣♣...♣......≈...♣≈≈ Turn 28952 on Swamp:3: - what are you doing here ♣... ♣♣♣♣♣. ♣♣... ♣♣♣♣♣.♣♣.. ♣..≈.. ♣♣≈♣.♣≈♣♣♣. ♣♣..≈≈♣ ♣..§≈≈≈§..≈ ♣♣...≈≈.♣♣♣♣♣.♣..≈≈≈≈≈ ♣♣≈..≈♣.♣≈♣♣≈...♣♣♣♣≈≈. ....♣.♣.≈†≈..≈♣♣ ♣♣≈. ♣♣≈≈♣.≈...)≈.♣♣♣ ♣♣≈† ♣.≈≈♣♣..≈♣≈.♣♣ ♣.≈≈ ♣♣≈.♣...≈≈..♣♣♣♣ ♣♣§≈ ♣..≈..@...♣♣♣...♣♣♣♣♣.≈ ♣...≈yyR.♣♣♣.......♣... ♣...≈.≈.†♣♣........♣♣.. ♣♣.≈≈....♣..........♣≈. ♣...≈≈†..♣....♣.....♣.≈ ♣≈≈.≈≈..≈♣.....♣♣.....≈ ♣≈..≈.≈.≈♣♣...♣......≈. ♣.≈....≈.♣♣♣..♣.......≈ ♣≈....≈(..♣.♣≈≈≈≈..♣♣♣♣ ♣.≈..≈≈.≈.♣♣≈≈≈≈≈≈♣♣ ♣ ♣♣.)..≈≈≈.♣.♣≈≈≈≈♣.♣ Turn 29015 on Swamp:3: - man .#©.# ## .#..### # .. ##.#..#8 ©######.x#..# #.X.X..x.#..# ##########..### ...........≈#8# .......@...∩# ...........≈# ##########..# .Q.......#..#8# Q#.#.#.#.#..### =. .#.# .#..# . .# # .#..# Q# .#©.# Turn 31430 on Gauntlet: - I wonder what happens with corrupt here #........4#.8.#......!?[#..# #.##...##2#...#..######)#..### #[#.#.#.#4#####.##....###..#8# #(.##.##..#...#.#.####.##..### #©.#.©.#..#©.©#.##.©.##.#©.# #!.##.##..#...##.####.#.#..### #?#.#.#.#.#######x...##.#..#8# #.##...##4#...#©######..#..### #.......42#...##Xx......#..# ###########...###########..### ............≈...@.........≈#8# ...........≈8≈§.......∩...∩### ............§.............≈# ###########...###########..### #.hD+..+..#...#QQ.......#..#8# #..D+..+..#...#Q#.#.#.#.#..### #..##++#++#...#=.#.#.#..#..# #!.+...+..#...#.#.#.#.#.#..### #©.+...#.©#...#©.#.©.#..#©.#8# #..+...+..#...#.#.#.#.#.#..### #..##++#++#...#/.#.#.#..#..# Turn 31650 on Gauntlet: - short way and long way # . . .# #. . . . ## .. # . ..... .. .. ###### ... ## . #.. . .. .. # # ##.####### # # ## #........ #. ##. #@##### # .. ####.#.# #. . # #.#......# # . . #.#..##..# . # .# #.##.# # . ###.#.# # # ## #. .# ##. .# . #.#.# # # #.....# # ####..# .... Turn 38862 on Abyss:1: - i should banish more dudes #...#####...#..........#...#).... ##.##...##.##.####.#.###...#.)#.. .#†####.#.#.#.# #.#.......#..#.# .#..†.#.#.#.#.# #.######..#..#.# .#.#..#.#.#.#.# #.# #..#.##.. .#......#...#.# #.######..#..... .####.#######.# #.##...)..#.#### ..............# #.#.......#.# #####.############.#.......#.# #####.# #..#.##.#.......#.# ......# #....@#.#.......#.# ####### #.##.##.........#.#### .. ##..###.......#.##.. ..J ##...# #.......#.##.# ... #..### #.......#.##.# #. ##.## #.......#.##.# # ##...## #.......#.##.# #.....# #####.###.##.# #.†...# ###<###.##.# ##...## #.......##.# ##.## #.#.######.# Turn 42905 on D:15: - i got a willpower problem

≈≈≈.....≈..≈≈.=.≈≈≈.###..........
≈≈....≈.≈.≈≈≈.≈≈≈≈≈..............
......≈...≈.....≈................
.≈....≈≈≈.......≈..........≈≈....
.≈....≈≈≈≈≈................≈≈....
......≈≈..........[......≈≈≈≈....
......≈..................≈≈≈≈≈≈..
.#.......#...............≈≈≈≈≈≈.#
###.....................≈≈≈≈≈≈≈.#
#.#...........>..........≈≈≈≈≈≈..
................@......)..≈≈≈≈...
≈≈≈≈..............#.......≈......
≈≈.....≈≈≈≈.................#....
.......≈≈≈..................#....
.......≈≈≈.≈≈....................
....._..≈≈.≈≈...........≈...[####
...≈≈≈≈....≈...###...^.≈≈.....##.
.≈≈≈≈≈≈≈.......#.......≈≈...##.#)
.≈....≈≈...............≈≈#..###).
......≈≈........≈≈≈....≈≈##..##).
................≈≈≈......###.....


Turn 47228 on Depths:1: - dang ###.......###..... #.......#.#.....
##.............. ###.........##. ##........# . ###.....#...# ##.......#..##
##......≈....# #.......≈≈.... #..##...≈≈.#.. .##@###...≈≈..#.
@........####.....# i.i......#..#..#..# ...>..........##.## .i.........<.....#
.................# .................# ...........∩.....# .......##......#
.......#[.....#...# ##.........>...#...# Turn 48168 on Depths:2: - double
trouble ##........# ... # ###.....#...# ##.......#..## ##......≈....#
#.......≈≈.... ## #..##...≈≈.#.. ##..##.###...≈≈..#. .§.......####.....#
i........#..#..#..# ...>.....)[...##.## ........)@p@.....# ..........)).....#
.................# ...........∩.....# ........##......# .........#[.....#...#
##.........>...#...# #..............#...# ..# #....?.........#...#.....#
#.......≈≈.........##...## #..................#...#. Turn 48183 on Depths:2: -
nice one Nicky ##........# ... ###.....#...# ##.......#..## ##......≈....#
#.......≈≈.... ## #..##...≈≈.#.. ##..##.###...≈≈..#. .§.......####.....#
i........#..#..#..# ...>.....)[...##.## ........)@@<.....# ..........)).....#
.................# ...........∩.....# ........##......# .........#[.....#...#
##.........>...#...# #..............#...# .. #....?.........#...#.....
#.......≈≈.........##...# #..................#...# Turn 48185 on Depths:2: -
what is this thin air business #♣P≈ #≈≈≈ ♣PP ####### #.. #.....# #..
#.###.######.. ♣.♣ #......... ###♣♣.♣♣#......... #..........[......
#.#♣♣.♣♣#......... #@# ♣.♣ #......... #.# #.###......... ..# #............. ..##
##########.### ... #........#.##. 4D.. #...>....#.... ..... #........#....
##...... #........#.... .###....... #........#.... .....6... #........#....
#...... #........#.... Turn 49714 on Depths:3: - if i get paralyzed... ####### #
#.....# # #.###.###### ♣.♣ #....... #### ###♣♣.♣♣#....... ... #..........[....
!.##.#♣♣.♣♣#....... ..#.# ♣.♣ #....... #.#.# #.###....... . #...# #...........
... ##@.## ##########.# ....##....#.#........#.# ............#...>....#..
..#.......).#........#.. ##.....○...#........#.. .###..........#........#..
.............#........#.. #...........#........#.. #....########........###
###....#..........#....### #......#..........#....... Turn 49736 on Depths:3: -
no scales! #### ########## #... .........# #.## .........# ♣.♣
.........##########♣♣.♣♣ .......@.......##....... .....#######...##.#♣♣.♣♣ )...
###..#.# ♣.♣ .. ##.#.# #.## . #...# #... ... ##..## #### ....##....#.#...
............#... ..#.......).#... ##.........#... .###..........#... Turn 49775
on Depths:3: - has bai showed up #...###....# ####...##...# ##..#.....G..#
....##.......## .....#........## #.#......###...## .......### ##...## .###.###
##...##### ## ##(.....## ##......## #@......# #∩..©..∩# #.......# ##.....##
##...## ##### Turn 52034 on WizLab: - willpower argh ####### ####≈#≈≈§###
##≈≈.....#≈≈# #≈≈........≈### ##≈..#####...≈≈# #≈..## #.#....## #≈..# #......#
#≈..# #.#...##. ##..# #.....#... #≈§#####..#..#... #§.##@'......#G..#
#§§#####.....#...# #§..# #.....#...# ##..# ##....##.. ##..# .....# #§..##
##...## #≈≈..#####.....## ##§#............###### ##§#........##.......
#####......#........ ###......#.#.... Turn 52975 on WizLab: - hey, some willpwer
.#..§.## # ......#... ## .#...##..## ##...# #. .....#...#P ..... ##. ..#..#.G.#.
#...# #.. .....#G..#. ####...### ##.. .....#G..# #........ #... .....#G..#
....... ##... #....##.. ## #+++# ### #.... ......# .#####.###..(###.###..##
.##...## ....'.X@°............### ##.....##..*.'.G.#○###.#......###
........#######...........#...##. .....##.......##.........##......
.....#.........#..#####..#....... #......#.#.....####...####...##..
###......#...### ..... #...###.. ###.......## ......##..###... # ##.....##
#####... #.... ### ##....# ... ##.......# ..## #...##...# ..##....### Turn 53096
on WizLab: - i guess corrupt would be good here ######### #.(.....# #.......#
#.⌠.@.⌠.# #.......# #E......# #.#####?# #.......# #..i....# . He.e.e. .
..#.......#.. Turn 56009 on Elf:1: - now thats some double trouble . .. ... ...h
..hh. ....R.######### ...hE○E@....... .○E.°########## ..h # Turn 56014 on Elf:1:
- pretty busy in here ########## #### #........# ############..# #........#
...##.....#...###### #........# .....>......#......#####.(......#
............######.....#........# ............# ######[..........#
...........)####......##....|...# .........))[..##......##.....####
............#..#.....#######.#### .......<....##.#@....# #.....
...........###.>##...# #####. ...........###...###.### #.
####.##.....####.###...# #. #..####...# #......># #. #..## #.#.#########.# #.
#...# #.#...(..####.# #. ####.#.###.######......## ## #....#..##.# #####...### #
#.#####..#.######## ##..<.#### .......#..........# #.#..[..#### Turn 58410 on
D:12: - not bad atall .......#.###..........# #.#.# #. #...##.........)......#
#.#.###. ##....#######...).....####....... ####.# #...Ee...###......)## #.#
##..e.E.E.# #.###.#.# #.# #...eeEEe## #.# #...# #.# ##..E.e.e## #.####..## ##.##
##.....EE..# #......... ####[..####..........###......##.
..........'.......E.E.......### . ####...####.....@E..####...#####. #....##
##........# ##........ #.#..# ##.....### #.####### ##.#..### ##...## #.#
...#....# ##'## #.# #######.# #.# #.# ...#....#### #.#########.# ##.#.......#
##........^..# ##.#.......###...########## ...........##.....#
###........###...## Turn 58659 on Elf:3: - too many priests
.≈...≈.♣.♣♣♣.≈♣♣≈.♣♣.♣♣ .≈.§.....≈♣....§.....≈♣♣ ≈..≈.≈≈..≈...≈.≈..≈≈≈..♣ ♣♣
.≈§♣≈≈...≈.≈.§.≈≈..≈..♣♣ ♣♣♣. ..≈≈≈≈♣≈...≈≈.≈≈...≈≈♣♣ ♣♣...
.♣≈≈≈≈≈♣...≈≈....≈.≈.♣♣♣♣♣ ♣.... .≈≈≈≈≈≈≈♣≈...§≈......≈.♣.♣♣♣♣.≈≈§
≈♣≈≈≈≈≈♣.≈.≈.....≈≈......≈≈≈≈..♣§ ..≈≈≈≈♣..≈≈....♣...≈.♣≈♣...≈≈≈♣♣♣
..≈≈≈♣.≈≈...#♣..≈≈.....♣♣♣.≈≈.♣ ≈.^≈.≈.....####.@..##♣.≈♣...§≈♣
≈≈≈.....#♣##..#♣..♣#W#..≈..♣.♣♣♣ ≈.≈.≈≈.♣♣.?*♣iG#..♣..#..≈≈...♣≈♣♣
....≈≈.#.#....♣#..♣#.♣♣.......≈≈♣ ≈.≈≈≈≈.##...##♣...♣#p#♣..♣♣♣§♣...
≈....≈..##.∩#....♣♣p#.♣.♣♣ ♣♣♣♣≈♣ ........##..#♣©#♣# . ##.♣ ♣♣.§
.≈.....♣#..^.####..♣##..♣ ♣... .≈.≈...#....#...#♣|#...#♣ ♣♣≈.♣
♣♣♣..[.##2.##♣..#A.#♣..#♣ ♣♣.≈.♣ ♣♣.♣≈...##.# ..pp.# ##..# ♣...♣♣ Turn 60774 on
Swamp:3: - vault is fitting i guess ..........#.##.#..##..........#..
###.......#....##'##..........#.. ..#.......##'##....#..........#..
..#.......##..#.##.#..........'.. ..#.......##..#.##.#..........###
..#.......#####....#............. ..#......<######++####...........
..'.....[...#........#........... #'#.........####++####......###'#
............#..+.}+..#.....###..# ............#..+@:+..#....## #..#
............####''####...## ##..# ............#....))..#...####....
............####+#####...#....... .........................#.......
.........................####.... ............#########....## ##..#
............'.......#.....## #..# ............#.......#......# #..#
............#.......#....### #+## ............#.......#....#####... Turn 61302
on Vaults:4: - reasonably tough...guards scales may be the thing
#........#......#....# #### #..# #........#......#....############
#........####'#####..#......# # #........#........#..'......# #
#........#........#..#......# # [........#..####..#..#......# #
#........#..#pW#..#..#......# # #........#..#Wp#..#..#......# #
#........#..#++#..#..######## # #........#........#..# # #........#......@.'..#
# #........########'#..# # #....................# # #....................# #
#...[..####..........# # #......#..#'#........# ### # #.....##....###......#
##.## # #.....#.......###....# ##...### #....##.........#....# ##.....#.
#....#......>...#..?.# ##.#.....# #...##......)..##....# #.###...## Turn 61491
on Vaults:3: - tough guys, hmmm? ...................P.#...#P..♣♣.♣
##....##.+.#..(.....###.##...♣♣♣♣ #.#...##..##.......P# #.####.♣♣♣♣
##...##....##.......###.##.#...♣♣ ......#............#.#...##....♣
#(...##.....#........#...##....♣ #....####...##............#...♣♣
#.....###..#####...##P..####..♣ ♣ #....##P..##...##.####..###...♣♣♣
..........#.....### #.###....♣♣. ..........'....:@#####'.#..#..♣♣.
..........'....._#............♣♣. ..........'....)|#............♣♣♣
.....P....#.....##...........♣♣ ♣ ......###.##...##...........♣♣ ♣
.##....##..#####............♣ ♣ ##...#####+.#...............♣ ##....#
#.....P.............♣ ###..## #...................♣
##....###P.P................♣ .....#..##...#..............♣ Turn 61920 on
Lair:6: _ meh ##..###.......... ##..##.##......... #..)'[.[#.........
##))##.##..(...... ##..###.......... ##............... ##..........#'#...
#...##.....##)##.. #.$####....# ([ .. #..## #≈≈..##|## . # #@..##≈≈≈...#
#..#..).≈≈≈##.... #...c...≈.## #..... #....###### ##### #..... #..... #.....
#...... #.... #.... Turn 65254 on Vaults:5: - yikes #[.# #..# #..# #..# #..#
#..# #..# #..# #############<.###########..#####
.......................^......... ...###########................... ...#
#######..#######..... ...# #∩"...#..#....(#.....
...##########.[...#........#..... ............#.[.@.#..#.....#.....
..........).#.[...#..#.....#..... ###########(#.....#..#.....#..... #
#)##[#''#..#''####..... # #...................... # #......[(..............
###########.#######..#''####..... ....<.......#.....'..#.....#.)...
..........[.#.....'..#.....#..... }..........##.....#..#.....######
########...##.....#..#.....# Turn 68065 on D:13: - doubt i'll ever cast these
#... #. # .# #. .... .# ...#.#..#. .## ...#..#. #. # # .)#∩# . # #.##..# # #....
# .##...## .......# # ##......## JX .#...# ...#@## J # . .##.#.XXXx# .#..
####.#X#..Xx # # . #. .###X2 XX. ##.## # . ### . # #. XX.# #. x## #. '#G Turn
69561 on Abyss:3: - this better be a vault ......... #.[........##
.........###.(........## ... #...###..........## #.. ##..[##..........[## # .
##.).)............## ....#..................## .......)).....Z.........##
.........[).).#)....##...## .......###...###....###...## ........
##.)[.##)...###...## ........ ##.@ZZZ#....###...## ....... ###[####....###<..#
#...(.. ##Dqq####....###... ....... #..kl.# ...###...# #.))..# ####...## #..#).#
#..## ##...## #.## ##'## ### q.. ..#.. #.. ... Turn 71385 on Zot:2: - all these
goddamn purples ###............≈≈.(...≈..# #........................##
##............##...........# ####...≈..........##.......[..#
#..............#..#.........#.. #..............#..........###..
#...............##.....#..#.... ###.....#8_8#..........##.([(..
####.....##∩##.................. ##.........###............###....
................@.........##..... ##...............^.........###.##
###.....##...........≈....##.#... #..................≈≈≈....#..#..≈
.......≈≈≈...........≈....#.≈..≈≈ .......≈≈≈..................≈.≈≈≈
........≈≈.........#.......≈≈.≈≈≈ ...................#.)..##.≈..≈≈≈
.........≈≈..#...............≈≈≈≈ ≈≈≈....≈.≈≈.................≈....
≈≈≈.#..≈....≈...#.....#.........> Turn 72224 on Depths:1: - can we make it to
Haunt ,,,,,,,,,,,,^,,,,,,,,,* ,,,,,,,,,,,,,,,,,,,,,,* ,,,,,,,,,,,,,,,,,,,,,**
,,,,,,,,,...L.....!.** ,,,,,,,,,...L......▓▓ ,,,,,,,,,....8......▓▓
,,,,,,,,,...........^▓▓ ,,,,,,,,,.............▓ ,,,,,,,,,..y..dp..^...▓
,,,,,,,,^............▓* *,,,,,,,,.......@...▓* ****,,,,,......XX..▓▓
*********▓▓##..X..▓▓ ,,^,,,,,,,,........** ,,**,,,,,...........**
***,,,,,,........[(..** **,,,,,,,......d......* *,,,,,,^.....q.......#
*,,,,,,,,,,,,,,,,,,,,* *,,,,,,,,,,,,,,,,,,,,* *,^,,,,,,,,,,,,,,,,,,* Turn 76553
on Zot:5: - eek

Levels and vault maps discovered:
D:1:      erik_arrival_blinker_ship, layout_basic,
          ebering_ecumenical_altar_mist, serial_shops, shop,
          minmay_misc_feat_doors, serial_bayou_ford_a, roderic_serpentine_path,
          minivault_11
D:2:      layout_basic, serial_shops, shop, shop_scrolls, shop
D:3:      layout_loops_ring, nicolae_tso_carved_into_rock,
          mainiacjoe_overflow_alcove_4, serial_shops, nicolae_shop_crystal,
          nicolae_underground_beach, uniq_terence
D:4:      layout_rooms, minitemple, serial_forest, infiniplex_forest_zigzag_1,
          infiniplex_forest_lined_ring, infiniplex_forest_clump_double,
          infiniplex_forest_straight_4, serial_shops, shop_statue,
          supply_closet_lemuel, uniq_ijyb, uniq_robin
D:5:      layout_loops_corners, vehumet_crystals, serial_shops, shop,
          uniq_grinder, uniq_sigmund
D:6:      layout_rooms, uniq_menkaure, uniq_crazy_yiuf_cottage, uniq_pikel
D:7:      layout_gridville, mainiacjoe_overflow_catwalk,
          minmay_temple_entry_poolview, uniq_harold, uniq_maggie,
          uniq_prince_ribbit1
D:8:      layout_gridville, grunt_temple_overflow_gold_and_silver,
          mainiacjoe_overflow_boulevard, erik_lair_orcish_takeover,
          enter_bailey_2, uniq_maurice, uniq_gastronok
D:9:      kennysheep_windowed_halls, layout_grid_maze, fedhas_altar_3,
          moated_statue
D:10:     minmay_coctagon, layout_irregular_city, lemuel_crystal_altar
D:11:     layout_roguey
D:12:     layout_rooms, orc_0_dummy, ebering_ghost_reflecting_pool
D:13:     layout_long_grid, skrybe_vaults_entry_preservation,
          ebering_ghost_funeral_grove, gauntlet_entry_generic, uniq_jorgrun,
          uniq_frances
D:14:     minmay_angry_zag, layout_small_grid,
          minmay_staircase_statues_hall_small, tgw_xom
D:15:     gammafunk_enter_depths_forms, layout_basic, minmay_misc_feat_tower,
          nicolae_trove_entry_crossroad
Lair:1:   gammafunk_boulding_lane, layout_gridlike
Lair:2:   layout_cave_shapes, basic_altar
Lair:3:   layout_regular_city, minmay_swamp_entry_eels,
          infiniplex_staircase_pool_2
Lair:4:   layout_cave_pods, nicolae_spider_entry_tight_spaces,
          grunt_megastairs_1
Lair:5:   layout_long_grid, pond, lemuel_fruit_tree, grunt_megastairs_3
Lair:6:   hellmonk_lair_end_abyssal_woods, layout_regular_city,
          dpeg_slime_entry_corner, gammafunk_ghost_ooze, kennysheep_rathole,
          grunt_megastairs_5, serial_bayou_shore_b
Swamp:1:  layout_basic_swamp, evilmike_swamp_ruin_house_4
Swamp:2:  layout_falls_marsh, evilmike_swamp_ruin_rubble_1,
          infiniplex_staircase_pool
Swamp:3:  cheibrodos_swamp_monstrosity, layout_falls_marsh,
          gammafunk_ghost_abyssal_escape, nicolae_swamp_big_swirl, swamp_pool2
Swamp:4:  swamp_old_school, layout_basic_swamp
Spider:1: layout_spider_delve, nicolae_spider_moth_buddies
Spider:2: layout_spider_delve
Spider:3: layout_spider_delve, uniq_arachne
Spider:4: grunt_spider_rune_circles, nicolae_spider_wall_of_niches
Slime:1:  layout_caves
Slime:2:  layout_caves
Slime:3:  layout_caves, cheibrodos_slime_lost_civilization_7
Slime:4:  nicolae_slime_pool, layout_caves
Slime:5
Orc:1:    layout_caves
Orc:2:    st_orc_elflike, layout_diamond_mine
Elf:1:    nicolae_elf_arrival_fired_up, layout_geoelf_diagonals, orc_legates,
          uniq_azrael, uniq_asterion, uniq_agnes
Elf:2:    elven_hall_of_blades_hangedman_alternative
          [mumra_blade_entry_bloodbath], layout_rooms
Elf:3:    minmay_elf_hall_four_x, layout_loops_corners, serial_shops,
          nicolae_shop_statue_plus
Vaults:1: vaults_mumra_bighexcomb, hangedman_vaults_river_flow,
          vaults_dpeg_diagonal, v_misc_5, ontoclasm_vaults_chip,
          nicolae_vaults_stairing_the_circle, serial_ice_h,
          layout_vaults_quadrants, serial_shops,
          nicolae_shop_overgrown_old_shop, nicolae_shop_stone
Vaults:2: v_misc_28, minmay_crypt_entry_simple_walls, hangedman_vaults_stitches,
          vaults_room_ringed_pool, vaults_room_hallway,
          ontoclasm_vaults_ring_large, vaults_mumra_minichess_inversion,
          nicolae_vaults_three_branches, ontoclasm_vaults_loading_screen,
          kennysheep_vaults_gozag_temple, nicolae_vaults_asterisk,
          vaults_room_pools, layout_vaults_ring, serial_shops,
          nicolae_shop_stone, uniq_saint_roka
Vaults:3: advil_vaults_ghost_guards, ontoclasm_vaults_misaligned,
          vaults_room_pool, v_misc_16, ontoclasm_vaults_pinch, v_pattern_2,
          v_misc_29, grunt_vaults_twisty, grunt_vaults_funnel,
          hangedman_vaults_locks, v_misc_11, st_star, vaults_dpeg_ring,
          ontoclasm_vaults_ligature, layout_vaults_omnicross, serial_shops, shop
Vaults:4: advil_vaults_ghost_lines, st_octagons_1, ontoclasm_vaults_tryst,
          nicolae_vaults_little_squares_4, hangedman_vaults_snaps,
          vaults_dpeg_cross, vaults_room_corners, ontoclasm_vaults_chip,
          vaults_room_stairs_pillars, layout_vaults_chaotic_city, serial_shops,
          nicolae_square_shop
Vaults:5
Depths:1: layout_cave_pools, hellmouth_1, abyss_entry_flame_altar,
          rand_demon_pan_entry_1, nicolae_lava_and_water, tgw_lugonu_bribe
Depths:2: kennysheep_spiral_hall, layout_cave_pools, enter_ziggurat_e,
          chequers_serial_rivers_micro_b, grunt_hell_entry_dis_grunt,
          abyss_entry, wad_floor_pattern_untrapped,
          minmay_staircase_windowed_small, uniq_enchantress, uniq_nikola
Depths:3: cheibrodos_quadrivalence, layout_gridville, hellmouth_3,
          minmay_tree_intersection, rand_demon_pan_entry_8, serial_shops,
          nicolae_stop_n_shop_2, firewood_loft, serial_bayou_shore_b,
          minmay_shoptagon, serial_bayou_shore_b, serial_bayou_shore_b,
          uniq_xtahua
Depths:4: abrahamwl_protected_by_tso_1, layout_cave_pools,
          minmay_room_of_horrors, pf_coc_iceberg
Depths:5: grunt_zot_entry_bicorn, layout_gridlike, hell_entry,
          mu_enter_wizlab_4, amcnicky_mini_pool_medium,
          infiniplex_staircase_pool_lava
Zot:1:    layout_basic
Zot:2:    cheibrodos_zot_enchanting_chambers, layout_onion
Zot:3:    layout_misc_corridors
Zot:4:    lemuel_draconian_sentries, layout_twisted_circle
Zot:5:    layout_misc_corridors

Skill      XL: |  1  2  3  4  5  6  7  8  9 10 11 12 13 14 15 16 17 18 19 20 21 22 23 24 25 26 27 |
---------------+----------------------------------------------------------------------------------+-----
Maces & Flails | 3 4 5 6 7 10 11 12 14 15 16 | 16.0
Fighting       | 4 5 6 8 9 10 12 14 15 18 | 18.0
Invocations    | 4 8 9 10 12 14 15 16 18 20 | 20.0
Armour         | 5 6 9 12 16 19 | 19.0
Dodging        | 4 6 9 |  9.0
Evocations     | 4 6 7 9 10 | 10.0
Translocations | 7 9 10 12 15 | 15.0
Spellcasting   | 3 6 9 13 | 13.0
Hexes          | 9 10 12 15 | 15.0
Throwing       | 6 |  6.0
Shields        | 6 |  6.0
Necromancy     | 10 12 14 15 18 20 | 20.0
Transmutations | 7 9 10 | 10.0
Conjurations   | 1 9 |  9.0

Action                   |  1- 3 |  4- 6 |  7- 9 | 10-12 | 13-15 | 16-18 | 19-21 | 22-24 | 25-27 || total
-------------------------+-------+-------+-------+-------+-------+-------+-------+-------+-------++-------
Melee: Mace              |    64 |       |       |       |       |       |       |       |       ||    64
       Tailslap          |     6 |    12 |    19 |   102 |   176 |   197 |   283 |   473 |   519 ||  1787
       Demon whip        |     6 |    73 |   185 |   580 |  1160 |   505 |       |       |       ||  2509
       Eveningstar       |       |       |       |       |    20 |   597 |  1189 |  1918 |  2770 ||  6494
       Quick blade       |       |       |       |       |       |       |       |    46 |    46 ||    92
       Morningstar       |       |       |       |       |       |       |       |       |    44 ||    44
Throw: Stone             |     1 |     5 |       |       |       |       |       |       |       ||     6
       Dart              |       |       |    12 |    39 |    96 |    89 |    24 |       |     3 ||   263
       Boomerang         |       |       |       |       |       |       |       |   131 |   163 ||   294
       Javelin           |       |       |       |       |       |       |       |       |    13 ||    13
 Cast: Slow              |       |       |       |       |       |    48 |   177 |   258 |   160 ||   643
       Apportation       |       |       |       |       |       |     1 |     3 |     1 |    14 ||    19
       Confusing Touch   |       |       |       |       |       |     1 |     1 |     1 |     5 ||     8
       Agony             |       |       |       |       |       |       |    38 |    48 |    10 ||    96
       Yara's Violent Un |       |       |       |       |       |       |     1 |    15 |    25 ||    41
       Vampiric Draining |       |       |       |       |       |       |       |    14 |    12 ||    26
       Animate Dead      |       |       |       |       |       |       |       |     5 |    42 ||    47
       Iskenderun's Myst |       |       |       |       |       |       |       |     3 |    23 ||    26
       Dispersal         |       |       |       |       |       |       |       |       |     2 ||     2
       Dispel Undead     |       |       |       |       |       |       |       |       |    25 ||    25
       Infestation       |       |       |       |       |       |       |       |       |     4 ||     4
       Manifold Assault  |       |       |       |       |       |       |       |       |     4 ||     4
       Death Channel     |       |       |       |       |       |       |       |       |     3 ||     3
Invok: Depart the Abyss  |     1 |       |       |       |       |       |     3 |       |     2 ||     6
       Bend Space        |       |       |     8 |     5 |     8 |    65 |    44 |    65 |    60 ||   255
       Banish            |       |       |       |       |     1 |       |       |     3 |       ||     4
       Enter the Abyss   |       |       |       |       |       |       |     2 |       |     2 ||     4
       Brand Weapon With |       |       |       |       |       |       |       |     1 |       ||     1
       Corrupt           |       |       |       |       |       |       |       |     1 |     3 ||     4
 Abil: Rolling Charge    |    24 |    14 |    39 |    90 |   167 |   149 |   140 |   256 |   361 ||  1240
Evoke: Wand              |       |       |     7 |     8 |    22 |    40 |    28 |    16 |    54 ||   175
       Tin of tremorston |       |       |       |       |     4 |     3 |       |     1 |     2 ||    10
       Lightning rod     |       |       |       |       |     4 |       |       |       |       ||     4
       Condenser vane    |       |       |       |       |       |       |       |     1 |       ||     1
       Phantom mirror    |       |       |       |       |       |       |       |       |     2 ||     2
       Phial of floods   |       |       |       |       |       |       |       |       |     1 ||     1
  Use: Scroll            |     3 |     1 |     5 |     9 |    17 |    14 |     9 |    15 |    33 ||   106
       Potion            |       |     1 |     5 |     1 |    10 |    10 |     8 |     9 |    19 ||    63
 Stab: Invisible         |       |       |       |       |    14 |       |       |       |       ||    14
       Held in net/web   |       |       |       |       |       |     2 |       |       |       ||     2
       Confused          |       |       |       |       |       |       |     1 |       |     3 ||     4
       Distracted        |       |       |       |       |       |       |       |     1 |     8 ||     9
       Paralysed         |       |       |       |       |       |       |       |       |    12 ||    12
Armor: Leather armour    |     3 |       |       |       |       |       |       |       |       ||     3
       Ring mail         |    13 |       |       |       |       |       |       |       |       ||    13
       Scale mail        |       |    18 |    56 |   234 |   622 |  1142 |   736 |  1416 |   250 ||  4474
       Skin              |       |     1 |       |       |       |       |       |       |       ||     1
       Pearl dragon scal |       |       |       |       |       |       |       |       |  1648 ||  1648
Dodge: Dodged            |    19 |    20 |    42 |   149 |   437 |   595 |   357 |   718 |   678 ||  3015
Block: Buckler           |       |       |       |       |       |    94 |   289 |   536 |   587 ||  1506
       Reflection        |       |       |       |       |       |       |       |       |     3 ||     3
